Workbook

Sheet CPU
B2: Elaboração de Planilha Externa (PEX)
B4: 1) Para elaboração de Planilha Externa (PEX), deve-se, obrigatoriamente, seguir o padrão contido neste documento, salvo particularidade e condição específica de cada processo;
B6: 2) É dever do Analista de Proposta verificar todas as condições e particularidades do processo, visando a assertividade na elaboração da Planilha Externa (PEX);
B8: 3) Em casos específicos, mediante deliberação da Presidência, acompanhado de fundamentação do Jurídico, cumpre ao Analista de Proposta analisar a melhor possibilidade para fechamento do custo da Planilha Externa (PEX), seguindo a sequência de reduções abaixo: a) Reduzir o custo do fornecimento de insumos em até 30% do inicialmente precificado; b) Reduzir o custo do fornecimento de uniformes e EPI's para R$ 1,00 mensal por colaborador; c) Reduzir o custo do fornecimento de insumos em até 50% do inicialmente precificado; d) Substituir a fórmula contida na rubrica "Transporte" para o valor de R$ 1,00 mensal por colaborador, justificado pela opção da companhia no fornecimento de transporte próprio; e) Redução de encargos: uso restrito a partir de deliberação da Gerência e Presidência, devendo o Analista de Proposta analisar, através da expertise, fatores e pontos possíveis de redução.
B10: 4) Todas as diretrizes anteriores devem acompanhar e respeitar as particularidades do processo.

Sheet Entrada de dados
B1: CONVENÇÃO | C1: SALÁRIO | D1: ALIMENTAÇÃO | E1: BSF | F1: FFP | G1: MÉDICA | H1: ALIMENTAÇÃO NAS FÉRIAS | I1: UNIFORME | J1: MATERIAL DE LIMPEZA | K1: MATERIAIS | L1: MATERIAL DE HIGIENE | M1: EQUIPAMENTOS | N1: VEICULO
A2: SUPERVISOR GERAL | B2: PR000074/2025 | C2: 2807 | D2: 805 | E2: 28 | F2: 28 | G2: 87.5 | H2: =D2/12 -> 67.08 | I2: =insumos!$F$28 -> 19.92 | J2: 0 | L2: 0 | M2: =insumos!$F$158 -> 18.78 | N2: =insumos!$F$165 -> 25.67
A3: ENCARREGADO + DE 20 EMPREGADOS | B3: PR000074/2025 | C3: 2232 | D3: 805 | E3: 28 | F3: 28 | G3: 87.5 | H3: =D3/12 -> 67.08 | I3: =insumos!$F$19 -> 19.92 | J3: 0 | L3: 0 | M3: =insumos!$F$158 -> 18.78 | N3: =insumos!$F$165 -> 25.67
A4: MEIO OFICIAL DE MANUTENÇÃO | B4: PR000456/2025 | C4: 2689 | D4: 805 | E4: 28 | F4: 28 | G4: 81 | H4: =D4/12 -> 67.08 | I4: =insumos!$F$54 -> 43.67 | J4: 0 | L4: 0 | M4: =insumos!$F$158 -> 18.78 | N4: =insumos!$F$165 -> 25.67
A5: COPEIRA | B5: PR000074/2025 | C5: 1821 | D5: 805 | E5: 28 | F5: 28 | G5: 87.5 | H5: =D5/12 -> 67.08 | I5: =insumos!$F$40 -> 27.92 | J5: 0 | L5: 0 | M5: =insumos!$F$158 -> 18.78 | N5: =insumos!$F$165 -> 25.67
A6: JARDINEIRO | B6: PR000074/2025 | C6: 1884 | D6: 805 | E6: 28 | F6: 28 | G6: 87.5 | H6: =D6/12 -> 67.08 | I6: =insumos!$F$54 -> 43.67 | J6: 0 | L6: 0 | M6: =insumos!$F$158 -> 18.78 | N6: =insumos!$F$165 -> 25.67
A7: SERVENTE DE LIMPEZA | B7: PR000074/2025 | C7: 1764 | D7: 805 | E7: 28 | F7: 28 | G7: 87.5 | H7: =D7/12 -> 67.08 | I7: =insumos!$F$10 -> 19.16 | J7: =insumos!$F$103/86 -> 198.91 | K7: =insumos!$F$125/86 -> 7.08 | L7: =insumos!$F$135/86 -> 205.86 | M7: =insumos!$F$158 -> 18.78 | N7: =insumos!$F$165 -> 25.67
A8: SALARIO MINIMO | C8: 1518

Sheet Quadro Resumo
B2: QUADRO RESUMO
B3: Lote | C3: Item | D3: Descrição | E3: CH | F3: Unidade de Medida | G3: Qtde | H3: Valor Unitário | I3: Total Mensal | J3: Total 30 meses
B4: 1 | C4: 1 | D4: ='Entrada de dados'!$A$2 -> SUPERVISOR GERAL | E4: 44 | F4: posto | G4: 1 | H4: ='1'!$D$134 -> 6960.65 | I4: =H4*G4 -> 6960.65 | J4: =I4*30 -> 208819.5
C5: 2 | D5: ='Entrada de dados'!A3 -> ENCARREGADO + DE 20 EMPREGADOS | E5: 44 | F5: posto | G5: 4 | H5: ='2'!$D$134 -> 5303.88 | I5: =H5*G5 -> 21215.52 | J5: =I5*30 -> 636465.6
C6: 3 | D6: ='Entrada de dados'!A4 -> MEIO OFICIAL DE MANUTENÇÃO | E6: 44 | F6: posto | G6: 3 | H6: ='3'!$D$134 -> 6187.6 | I6: =H6*G6 -> 18562.8 | J6: =I6*30 -> 556884
C7: 4 | D7: ='Entrada de dados'!A5 -> COPEIRA | E7: 44 | F7: posto | G7: 5 | H7: ='4'!$D$134 -> 4534.54 | I7: =H7*G7 -> 22672.7 | J7: =I7*30 -> 680181
C8: 5 | D8: ='Entrada de dados'!A6 -> JARDINEIRO | E8: 44 | F8: posto | G8: 1 | H8: ='5'!$D$134 -> 4671.2 | I8: =H8*G8 -> 4671.2 | J8: =I8*30 -> 140136
C9: 6 | D9: ='Entrada de dados'!$A$7 -> SERVENTE DE LIMPEZA | E9: 44 | F9: posto | G9: 42 | H9: ='6'!$D$134 -> 4871.73 | I9: =H9*G9 -> 204612.66 | J9: =I9*30 -> 6138379.8
C10: 7 | D10: ='Entrada de dados'!$A$7 -> SERVENTE DE LIMPEZA | E10: 12X36 D | F10: posto | G10: 2 | H10: ='7'!$D$134 -> 5077.63 | I10: =H10*G10 -> 10155.26 | J10: =I10*30 -> 304657.8
C11: 8 | D11: ='Entrada de dados'!$A$7 -> SERVENTE DE LIMPEZA | E11: 12X36 N | F11: posto | G11: 2 | H11: ='8'!$D$134 -> 5706.22 | I11: =H11*G11 -> 11412.44 | J11: =I11*30 -> 342373.2
C12: 9 | D12: ='Entrada de dados'!$A$7 -> SERVENTE DE LIMPEZA | E12: 12X36 D | F12: posto | G12: 20 | H12: ='9'!$D$134 -> 6298.23 | I12: =H12*G12 -> 125964.6 | J12: =I12*30 -> 3778938
C13: 10 | D13: ='Entrada de dados'!$A$7 -> SERVENTE DE LIMPEZA | E13: 12X36 N | F13: posto | G13: 20 | H13: ='10'!$D$134 -> 7143.16 | I13: =H13*G13 -> 142863.2 | J13: =I13*30 -> 4285896
B14: TOTAL MENSAL
B16: TOTAL 30 meses | J16: =SUM(J4:J13) -> 17072731

Sheet 1
A1: PLANILHA DE CUSTOS E FORMAÇÃO DE PREÇOS
A3: PROCESSO LICITATÓRIO Nº: 177/2025
A4: PREGÃO Nº: 1772025
A7: Discriminação dos Serviços (dados referentes à contratação)
A8: A | B8: Data da apresentação da proposta (dia/mês/ano) | D8: 45783
A9: B | B9: Município onde será executado o serviço: | D9: PARANAGUÁ/ANTONINA
A10: C | B10: Nº de Registro da Convenção Coletiva de Trabalho no MTE: | D10: =VLOOKUP(A14,'Entrada de dados'!$A$1:$N$8,2,FALSE) -> PR000074/2025
A11: D | B11: Nº de meses de execução contratual | D11: 30
A13: IDENTIFICAÇÃO DO SERVIÇO | C13: UNIDADE DE MEDIDA | D13: QTDE
A14: ='Quadro Resumo'!D4 -> SUPERVISOR GERAL | C14: Posto de Serviço | D14: =VLOOKUP(A14,'Quadro Resumo'!D3:G13,4,FALSE) -> 1
A16: Carga horaria semanal | D16: 44
A17: Data base da categoria (dia / mês / ano): | D17: 45689
A19: Módulo 1: COMPOSIÇÃO DA REMUNERAÇÃO
A20: 1 | B20: Composição da Remuneração | D20: Valor (R$)
A21: A | B21: Salário Base | D21: =VLOOKUP(A14,'Entrada de dados'!A2:H8,3,FALSE)/44*'1'!D16 -> 2807 | F21: De acordo com a CCT
A22: B | B22: Adicional de periculosidade | F22: Conforme obrigatoriedade da legislação de regência.
A23: C | B23: Adicional de insalubridade | D23: 0 | F23: DEVERÁ SER UTILIZADA A PORCENTAGEM DE 20%, PARA APRESENTAÇÃO DE TODAS AS PLANILHAS.
A24: D | B24: Adicional noturno | F24: Conforme obrigatoriedade da legislação de regência.
A25: E | B25: Adicional de hora noturna reduzida | F25: Conforme obrigatoriedade da legislação de regência.
A26: F | B26: Cumulação de função | D26: 280 | F26: Conforme obrigatoriedade da legislação de regência.
A27: Total da Remuneração | D27: =SUM(D21:D26) -> 3087
A29: Módulo 2: ENCARGOS E BENEFÍCIOS ANUAIS, MENSAIS E DIÁRIOS
A31: Submódulo 2.1 - 13º (décimo terceiro) Salário, Férias e Adicional de Férias
A32: 2.1 | B32: 13º Salário, Férias e Adicional de Férias | C32: Percentual (%) | D32: Valor (R$)
A33: A | B33: 13º (décimo terceiro) Salário | C33: 0.0833 | D33: =ROUND($D$27*C33,2) -> 257.15 | F33: 1/12 (um doze avos) do total da remuneração.
A34: B | B34: Adicional de Férias | C34: 0.0278 | D34: =ROUND($D$27*C34,2) -> 85.82 | F34: Conforme previsão da IN 05/2017
A35: C | B35: Subtotal | C35: =SUM(C33:C34) -> 0.1111 | D35: =SUM(D33:D34) -> 342.97
A36: D | B36: Incidência do submódulo 2.2 sobre o submódulo 2.1 | C36: =C35*C49 -> 0.04 | D36: =ROUND($D$27*C36,2) -> 123.48
A37: TOTAL | C37: =SUM(C35:C36) -> 0.1511 | D37: =SUM(D35:D36) -> 466.45
A39: Submódulo 2.2 - Encargos Previdenciários (GPS), Fundo de Garantia por Tempo de Serviço (FGTS) e outras contribuições.
A40: 2.2 | B40: GPS, FGTS e outras contribuições | C40: Percentual (%) | D40: Valor (R$)
A41: A | B41: INSS | C41: 0.2 | D41: =ROUND($D$27*C41,2) -> 617.4 | F41: Art. 195, I, "A", Constituição Federal de 1988; art. 22, inciso I, da Lei 8.212/91
A42: B | B42: Salário Educação | C42: 0.025 | D42: =ROUND($D$27*C42,2) -> 77.18 | F42: Art. 212, § 5º da CF/88; Decreto-Lei nº 1.422/75
A43: C | B43: SAT | C43: =2%*1.0942 -> 0.0219 | D43: =ROUND($D$27*C43,2) -> 67.61 | F43: Art. 22, inciso II, da Lei nº 8.212/91 - De acordo com o percentual constante na GEFIP.
A44: D | B44: SESC ou SESI | C44: 0.015 | D44: =ROUND($D$27*C44,2) -> 46.31 | F44: Art. 30 da Lei nº 8.036/90; Decreto n.º 2.318/86
A45: E | B45: SENAI - SENAC | C45: 0.01 | D45: =ROUND($D$27*C45,2) -> 30.87 | F45: Decreto-Lei nº 2.318/86
A46: F | B46: SEBRAE | C46: 0.006 | D46: =ROUND($D$27*C46,2) -> 18.52 | F46: Art. 8º, §3º, Lei nº 8.029/90
A47: G | B47: INCRA | C47: 0.002 | D47: =ROUND($D$27*C47,2) -> 6.17 | F47: Lei nº 2.613/55; art. 1º, I, Decreto-Lei nº 1.146/70
A48: H | B48: FGTS | C48: 0.08 | D48: =ROUND($D$27*C48,2) -> 246.96 | F48: Art. 7º, Inciso III, da CF/88, c/c o art. 15, Lei nº 8.036/90
A49: TOTAL | C49: =ROUND(SUM(C41:C48),4) -> 0.3599 | D49: =ROUND(SUM(D41:D48),2) -> 1111.02 | F49: Nota 1: Os percentuais dos encargos previdenciários, do FGTS e demais contribuições são aqueles estabelecidos pela legislação vigente.
A51: Submódulo 2.3 - Benefícios Mensais e Diários.
A52: 2.3 | B52: Benefícios Mensais e Diários | D52: Valor (R$) | F52: Qtde Dias
A53: A | B53: Transporte | D53: =IF(((F55*2*F53)-(D21*0.06))<0,0,((F55*2*F53)-(D21*0.06))) -> 0 | F53: 22 | H53: (conforme CCT) e legislação trabalhista.
A54: B | B54: Alimentação | D54: =F57*1*(1-F59) -> 644 | F54: Tarifa (R$) | H54: (conforme CCT) e legislação trabalhista.
A55: C | B55: Benefico Social Familiar | D55: =VLOOKUP(A14,'Entrada de dados'!A2:H8,5,FALSE) -> 28 | F55: 0 | H55: Conforme decreto municipal
A56: D | B56: Fundo de Formação Profissional | D56: =VLOOKUP(A14,'Entrada de dados'!A2:H8,6,FALSE) -> 28 | F56: V.A. (R$) | H56: (conforme CCT) e legislação trabalhista.
A57: E | B57: Beneficio assistencia Medica | D57: =VLOOKUP(A14,'Entrada de dados'!A2:H8,7,FALSE) -> 87.5 | F57: =VLOOKUP(A14,'Entrada de dados'!A2:H8,4,FALSE) -> 805 | H57: (conforme CCT) e legislação trabalhista.
A58: F | B58: Vale alimentação nas férias | D58: =VLOOKUP(A14,'Entrada de dados'!A2:H8,8,FALSE)*0.8 -> 53.66 | F58: % PAT | H58: (conforme CCT) e legislação trabalhista.
A59: G | B59: Seguro de vida | D59: 0 | F59: 0.2 | H59: (conforme CCT) e legislação trabalhista.
A60: Total dos Benefícios Mensais e Diários | D60: =ROUND(SUM(D53:D59),2) -> 841.16
A62: Quadro-Resumo do Módulo 2 - Encargos e Benefícios anuais, mensais e diários
A63: 2 | B63: Encargos e Benefícios Anuais, Mensais e Diários | D63: Valor (R$)
A64: 2.1 | B64: 13º (décimo terceiro) Salário, Férias e Adicional de Férias | D64: =ROUND(D37,2) -> 466.45
A65: 2.2 | B65: GPS, FGTS e outras contribuições | D65: =ROUND(D49,2) -> 1111.02
A66: 2.3 | B66: Benefícios Mensais e Diários | D66: =ROUND(D60,2) -> 841.16
A67: TOTAL | D67: =ROUND(SUM(D64:D66),2) -> 2418.63
A69: Módulo 3 - Provisão para Rescisão
A70: 3 | B70: Provisão para Rescisão | C70: Percentual (%) | D70: Valor (R$)
A71: A | B71: Aviso Prévio Indenizado | C71: =1/12*0.05 -> 0.0042 | D71: =ROUND(($D$27+$D$94)*C71,2) -> 12.97 | F71: Trata-se de valor devido ao empregado no caso de o empregador rescindir o contrato sem justo motivo e sem lhe conceder aviso prévio, conforme disposto no § 1º do art. 487 da CLT. De acordo com levantamento efetuado em diversos contratos, cerca de 5% do pessoal é demitido pelo empregador, antes do término do contrato de trabalho. Cálculo ((1/12)x 0,05) x 100 = 0,42%
A72: B | B72: Incidência do FGTS sobre o Aviso Prévio Indenizado | C72: =C71*C48 -> 0.000336 | D72: =ROUND(($D$27+$D$94)*C72,2) -> 1.04 | F72: É a aplicação de 8% sobre o valor obtido no item A deste Módulo
A73: C | B73: Multa do FGTS sobre o Aviso Prévio Indenizado | C73: 0.0065 | D73: =ROUND($D$27*C73,2) -> 20.07 | F73: Corresponde a aplicação do percentual de 40% da multa do FGTS sobre o valor do item B deste módulo. Multa do FGTS sobre o Aviso Prévio Indenizado, estando devidamente dimensionada entre o Indenizado e o Trabalhado, totalizando 4%, de acordo com a IN 05/2017 (Conta Vinculada)
A74: D | B74: Aviso Prévio Trabalhado | C74: =7/30/12 -> 0.0194 | D74: =ROUND(($D$27+$D$94)*C74,2) -> 59.89 | F74: Refere-se à indenização de sete dias corridos devida ao empregado no caso de o empregador rescindir o contrato sem justo motivo e conceder aviso prévio, conforme disposto no art. 488 da CLT. Logo a provisão representa: (((7/30)/12))x100 = 1,94%
A75: E | B75: Incidência dos encargos do submódulo 2.2 sobre o Aviso Prévio Trabalhado | C75: =C74*C49 -> 0.007 | D75: =ROUND(($D$27+$D$94)*C75,2) -> 21.61 | F75: Calculado multiplicando-se o percentual total do submódulo 2.2 ao valor do item D deste módulo.
A76: C | B76: Multa do FGTS sobre o Aviso Prévio Trabalhado | C76: =40%*8% -> 0.032 | D76: =ROUND($D$27*C76,2) -> 98.78 | F76: Corresponde a aplicação do percentual de 40% da multa do FGTS sobre o valor do item B deste módulo. Multa do FGTS sobre o Aviso Prévio Indenizado, estando devidamente dimensionada entre o Indenizado e o Trabalhado, totalizando 4%, de acordo com a IN 05/2017 (Conta Vinculada)
A77: TOTAL | C77: =ROUND(SUM(C71:C76),4) -> 0.0694 | D77: =ROUND(SUM(D71:D76),2) -> 214.36
A79: Módulo 4 - Custo de Reposição do Profissional Ausente
A81: Submódulo 4.1 - Ausências Legais
A82: 4.1 | B82: Ausências Legais | C82: Percentual (%) | D82: Valor (R$)
A83: A | B83: Férias | C83: =1/12 -> 0.0833 | D83: =ROUND(($D$27+$D$67+$D$77)*C83,2) -> 476.48
A84: B | B84: Ausências Legais | C84: =0.05/365 -> 0.0001 | D84: =ROUND(($D$27+$D$67+$D$77)*C84,2) -> 0.57
A85: C | B85: Licença Paternidade | C85: =5/30/12*0.005 -> 0.0001 | D85: =ROUND(($D$27+$D$67+$D$77)*C85,2) -> 0.57
A86: D | B86: Ausência por acidente de trabalho | C86: =15/30/12*0.003 -> 0.0001 | D86: =ROUND(($D$27+$D$67+$D$77)*C86,2) -> 0.57
A87: E | B87: Licença Maternidade | C87: =0.005*(4/12)/12 -> 0.0001 | D87: =ROUND(($D$27+$D$67+$D$77)*C87,2) -> 0.57
A88: F | B88: Auxílio Doença | C88: =0.05/365 -> 0.0001 | D88: =ROUND(($D$27+$D$67+$D$77)*C88,2) -> 0.57
A89: G | B89: Outros (especificar) | D89: =ROUND(($D$27+$D$67+$D$77)*C89,2) -> 0
A90: TOTAL | C90: =ROUND(SUM(C83:C89),4) -> 0.0838 | D90: =ROUND(SUM(D83:D89),2) -> 479.33
A92: Submódulo 4.2 - Intrajornada
A93: 4.2 | B93: Intrajornada | C93: Percentual (%) | D93: Valor (R$)
A94: A | B94: Intervalo para repouso ou alimentação | C94: =D94/D27 -> 0 | D94: 0
A95: TOTAL | D95: =ROUND(D94,2) -> 0
A97: Quadro-Resumo do Módulo 4 - Custo de Reposição do Profissional Ausente
A98: 4 | B98: Custo de Reposição do Profissional Ausente | D98: Valor (R$)
A99: 4.1 | B99: Ausências Legais | D99: =ROUND(D90,2) -> 479.33
A100: 4.2 | B100: Intrajornada | D100: =ROUND(D95,2) -> 0
A101: TOTAL | D101: =ROUND(SUM(D99:D100),2) -> 479.33
A103: Módulo 5 - INSUMOS DIVERSOS
A104: 5 | B104: Insumos Diversos | D104: Valor (R$)
A105: A | B105: Uniformes e EPI's | D105: =VLOOKUP(A14,'Entrada de dados'!A2:N10,9,FALSE) -> 19.92
A106: B | B106: Materiais de limpeza | D106: =VLOOKUP(A14,'Entrada de dados'!A2:N10,10,FALSE) -> 0
A107: B | B107: Materiais | D107: =VLOOKUP(A14,'Entrada de dados'!A2:N10,11,FALSE) -> 0
A108: B | B108: Materiais de Higiene | D108: =VLOOKUP(A14,'Entrada de dados'!A2:N10,12,FALSE) -> 0
A109: B | B109: Equipamentos | D109: =VLOOKUP(A14,'Entrada de dados'!A2:N10,13,FALSE) -> 18.78
A110: C | B110: Veiculo | D110: =VLOOKUP(A14,'Entrada de dados'!A2:N10,14,FALSE) -> 25.67
A111: D | B111: outros | D111: 0
A112: Total de Insumos diversos | D112: =ROUND(SUM(D105:D111),2) -> 64.37
A114: MÓDULO 6 - CUSTOS INDIRETOS, TRIBUTOS E LUCRO
A115: 6 | B115: Custos Indiretos, Tributos e Lucro | C115: Percentual (%) | D115: Valor (R$)
A116: A | B116: Custos Indiretos | C116: 0.00728896 | D116: =D132*C116 -> 45.66
A117: B | B117: Lucro | C117: 0.0078 | D117: =(D132+D116)*C117 -> 49.21
A118: C | B118: Tributos
...

Sheet 2
A1: PLANILHA DE CUSTOS E FORMAÇÃO DE PREÇOS
A3: PROCESSO LICITATÓRIO Nº: 177/2025
A4: PREGÃO Nº: 1772025
A7: Discriminação dos Serviços (dados referentes à contratação)
A8: A | B8: Data da apresentação da proposta (dia/mês/ano) | D8: 45783
A9: B | B9: Município onde será executado o serviço: | D9: PARANAGUÁ/ANTONINA
A10: C | B10: Nº de Registro da Convenção Coletiva de Trabalho no MTE: | D10: =VLOOKUP(A14,'Entrada de dados'!$A$1:$N$8,2,FALSE) -> PR000074/2025
A11: D | B11: Nº de meses de execução contratual | D11: 30
A13: IDENTIFICAÇÃO DO SERVIÇO | C13: UNIDADE DE MEDIDA | D13: QTDE
A14: ='Quadro Resumo'!D5 -> ENCARREGADO + DE 20 EMPREGADOS | C14: Posto de Serviço | D14: =VLOOKUP(A14,'Quadro Resumo'!D3:G13,4,FALSE) -> 4
A16: Carga horaria semanal | D16: 44
A17: Data base da categoria (dia / mês / ano): | D17: 45689
A19: Módulo 1: COMPOSIÇÃO DA REMUNERAÇÃO
A20: 1 | B20: Composição da Remuneração | D20: Valor (R$)
A21: A | B21: Salário Base | D21: =VLOOKUP(A14,'Entrada de dados'!A2:H8,3,FALSE)/44*'2'!D16 -> 2232 | F21: De acordo com a CCT
A22: B | B22: Adicional de periculosidade | F22: Conforme obrigatoriedade da legislação de regência.
A23: C | B23: Adicional de insalubridade | D23: 0 | F23: DEVERÁ SER UTILIZADA A PORCENTAGEM DE 20%, PARA APRESENTAÇÃO DE TODAS AS PLANILHAS.
A24: D | B24: Adicional noturno | F24: Conforme obrigatoriedade da legislação de regência.
A25: E | B25: Adicional de hora noturna reduzida | F25: Conforme obrigatoriedade da legislação de regência.
A26: F | B26: Cumulação de função | D26: 0 | F26: Conforme obrigatoriedade da legislação de regência.
A27: Total da Remuneração | D27: =SUM(D21:D26) -> 2232
A29: Módulo 2: ENCARGOS E BENEFÍCIOS ANUAIS, MENSAIS E DIÁRIOS
A31: Submódulo 2.1 - 13º (décimo terceiro) Salário, Férias e Adicional de Férias
A32: 2.1 | B32: 13º Salário, Férias e Adicional de Férias | C32: Percentual (%) | D32: Valor (R$)
A33: A | B33: 13º (décimo terceiro) Salário | C33: 0.0833 | D33: =ROUND($D$27*C33,2) -> 185.93 | F33: 1/12 (um doze avos) do total da remuneração.
A34: B | B34: Adicional de Férias | C34: 0.0278 | D34: =ROUND($D$27*C34,2) -> 62.05 | F34: Conforme previsão da IN 05/2017
A35: C | B35: Subtotal | C35: =SUM(C33:C34) -> 0.1111 | D35: =SUM(D33:D34) -> 247.98
A36: D | B36: Incidência do submódulo 2.2 sobre o submódulo 2.1 | C36: =C35*C49 -> 0.04 | D36: =ROUND($D$27*C36,2) -> 89.28
A37: TOTAL | C37: =SUM(C35:C36) -> 0.1511 | D37: =SUM(D35:D36) -> 337.26
A39: Submódulo 2.2 - Encargos Previdenciários (GPS), Fundo de Garantia por Tempo de Serviço (FGTS) e outras contribuições.
A40: 2.2 | B40: GPS, FGTS e outras contribuições | C40: Percentual (%) | D40: Valor (R$)
A41: A | B41: INSS | C41: 0.2 | D41: =ROUND($D$27*C41,2) -> 446.4 | F41: Art. 195, I, "A", Constituição Federal de 1988; art. 22, inciso I, da Lei 8.212/91
A42: B | B42: Salário Educação | C42: 0.025 | D42: =ROUND($D$27*C42,2) -> 55.8 | F42: Art. 212, § 5º da CF/88; Decreto-Lei nº 1.422/75
A43: C | B43: SAT | C43: =2%*1.0942 -> 0.0219 | D43: =ROUND($D$27*C43,2) -> 48.88 | F43: Art. 22, inciso II, da Lei nº 8.212/91 - De acordo com o percentual constante na GEFIP.
A44: D | B44: SESC ou SESI | C44: 0.015 | D44: =ROUND($D$27*C44,2) -> 33.48 | F44: Art. 30 da Lei nº 8.036/90; Decreto n.º 2.318/86
A45: E | B45: SENAI - SENAC | C45: 0.01 | D45: =ROUND($D$27*C45,2) -> 22.32 | F45: Decreto-Lei nº 2.318/86
A46: F | B46: SEBRAE | C46: 0.006 | D46: =ROUND($D$27*C46,2) -> 13.39 | F46: Art. 8º, §3º, Lei nº 8.029/90
A47: G | B47: INCRA | C47: 0.002 | D47: =ROUND($D$27*C47,2) -> 4.46 | F47: Lei nº 2.613/55; art. 1º, I, Decreto-Lei nº 1.146/70
A48: H | B48: FGTS | C48: 0.08 | D48: =ROUND($D$27*C48,2) -> 178.56 | F48: Art. 7º, Inciso III, da CF/88, c/c o art. 15, Lei nº 8.036/90
A49: TOTAL | C49: =ROUND(SUM(C41:C48),4) -> 0.3599 | D49: =ROUND(SUM(D41:D48),2) -> 803.29 | F49: Nota 1: Os percentuais dos encargos previdenciários, do FGTS e demais contribuições são aqueles estabelecidos pela legislação vigente.
A51: Submódulo 2.3 - Benefícios Mensais e Diários.
A52: 2.3 | B52: Benefícios Mensais e Diários | D52: Valor (R$) | F52: Qtde Dias
A53: A | B53: Transporte | D53: =IF(((F55*2*F53)-(D21*0.06))<0,0,((F55*2*F53)-(D21*0.06))) -> 0 | F53: 22 | H53: (conforme CCT) e legislação trabalhista.
A54: B | B54: Alimentação | D54: =F57*1*(1-F59) -> 644 | F54: Tarifa (R$) | H54: (conforme CCT) e legislação trabalhista.
A55: C | B55: Benefico Social Familiar | D55: =VLOOKUP(A14,'Entrada de dados'!A2:H8,5,FALSE) -> 28 | F55: 0 | H55: Conforme decreto municipal
A56: D | B56: Fundo de Formação Profissional | D56: =VLOOKUP(A14,'Entrada de dados'!A2:H8,6,FALSE) -> 28 | F56: V.A. (R$) | H56: (conforme CCT) e legislação trabalhista.
A57: E | B57: Beneficio assistencia Medica | D57: =VLOOKUP(A14,'Entrada de dados'!A2:H8,7,FALSE) -> 87.5 | F57: =VLOOKUP(A14,'Entrada de dados'!A2:H8,4,FALSE) -> 805 | H57: (conforme CCT) e legislação trabalhista.
A58: F | B58: Vale alimentação nas férias | D58: =VLOOKUP(A14,'Entrada de dados'!A2:H8,8,FALSE)*0.8 -> 53.66 | F58: % PAT | H58: (conforme CCT) e legislação trabalhista.
A59: G | B59: Seguro de vida | D59: 0 | F59: 0.2 | H59: (conforme CCT) e legislação trabalhista.
A60: Total dos Benefícios Mensais e Diários | D60: =ROUND(SUM(D53:D59),2) -> 841.16
A62: Quadro-Resumo do Módulo 2 - Encargos e Benefícios anuais, mensais e diários
A63: 2 | B63: Encargos e Benefícios Anuais, Mensais e Diários | D63: Valor (R$)
A64: 2.1 | B64: 13º (décimo terceiro) Salário, Férias e Adicional de Férias | D64: =ROUND(D37,2) -> 337.26
A65: 2.2 | B65: GPS, FGTS e outras contribuições | D65: =ROUND(D49,2) -> 803.29
A66: 2.3 | B66: Benefícios Mensais e Diários | D66: =ROUND(D60,2) -> 841.16
A67: TOTAL | D67: =ROUND(SUM(D64:D66),2) -> 1981.71
A69: Módulo 3 - Provisão para Rescisão
A70: 3 | B70: Provisão para Rescisão | C70: Percentual (%) | D70: Valor (R$)
A71: A | B71: Aviso Prévio Indenizado | C71: =1/12*0.05 -> 0.0042 | D71: =ROUND(($D$27+$D$94)*C71,2) -> 9.37 | F71: Trata-se de valor devido ao empregado no caso de o empregador rescindir o contrato sem justo motivo e sem lhe conceder aviso prévio, conforme disposto no § 1º do art. 487 da CLT. De acordo com levantamento efetuado em diversos contratos, cerca de 5% do pessoal é demitido pelo empregador, antes do término do contrato de trabalho. Cálculo ((1/12)x 0,05) x 100 = 0,42%
A72: B | B72: Incidência do FGTS sobre o Aviso Prévio Indenizado | C72: =C71*C48 -> 0.000336 | D72: =ROUND(($D$27+$D$94)*C72,2) -> 0.75 | F72: É a aplicação de 8% sobre o valor obtido no item A deste Módulo
A73: C | B73: Multa do FGTS sobre o Aviso Prévio Indenizado | C73: 0.0065 | D73: =ROUND($D$27*C73,2) -> 14.51 | F73: Corresponde a aplicação do percentual de 40% da multa do FGTS sobre o valor do item B deste módulo. Multa do FGTS sobre o Aviso Prévio Indenizado, estando devidamente dimensionada entre o Indenizado e o Trabalhado, totalizando 4%, de acordo com a IN 05/2017 (Conta Vinculada)
A74: D | B74: Aviso Prévio Trabalhado | C74: =7/30/12 -> 0.0194 | D74: =ROUND(($D$27+$D$94)*C74,2) -> 43.3 | F74: Refere-se à indenização de sete dias corridos devida ao empregado no caso de o empregador rescindir o contrato sem justo motivo e conceder aviso prévio, conforme disposto no art. 488 da CLT. Logo a provisão representa: (((7/30)/12))x100 = 1,94%
A75: E | B75: Incidência dos encargos do submódulo 2.2 sobre o Aviso Prévio Trabalhado | C75: =C74*C49 -> 0.007 | D75: =ROUND(($D$27+$D$94)*C75,2) -> 15.62 | F75: Calculado multiplicando-se o percentual total do submódulo 2.2 ao valor do item D deste módulo.
A76: C | B76: Multa do FGTS sobre o Aviso Prévio Trabalhado | C76: 0.0335 | D76: =ROUND($D$27*C76,2) -> 74.77 | F76: Corresponde a aplicação do percentual de 40% da multa do FGTS sobre o valor do item B deste módulo. Multa do FGTS sobre o Aviso Prévio Indenizado, estando devidamente dimensionada entre o Indenizado e o Trabalhado, totalizando 4%, de acordo com a IN 05/2017 (Conta Vinculada)
A77: TOTAL | C77: =ROUND(SUM(C71:C76),4) -> 0.0709 | D77: =ROUND(SUM(D71:D76),2) -> 158.32
A79: Módulo 4 - Custo de Reposição do Profissional Ausente
A81: Submódulo 4.1 - Ausências Legais
A82: 4.1 | B82: Ausências Legais | C82: Percentual (%) | D82: Valor (R$)
A83: A | B83: Férias | C83: =1/12 -> 0.0833 | D83: =ROUND(($D$27+$D$67+$D$77)*C83,2) -> 364.19 | F83: Custo total do profissional que substituirá o empregado por 30 dias no ano, em razão de férias. De acordo com realidade da empresa.
A84: B | B84: Ausências Legais | C84: =0.05/365 -> 0.0001 | D84: =ROUND(($D$27+$D$67+$D$77)*C84,2) -> 0.44 | F84: Estimativa de 0,13 ausências por ano. De acordo com realidade da empresa. A provisão mensal obtida pelo cálculo: (0,13/365) = 0,04%
A85: C | B85: Licença Paternidade | C85: =5/30/12*0.005 -> 0.0001 | D85: =ROUND(($D$27+$D$67+$D$77)*C85,2) -> 0.44 | F85: Criada pelo art. 7º, inciso XIX da CF, combinado com o art. 10, § 1º dos Atos das Disposições Constitucionais Transitórias – ADCT - , concede ao empregado o direito de ausentar-se do serviço por cinco dias quando do nascimento de filho. De acordo com estimativa do IBGE para o ano corrente, nascem filhos de 1,3999% dos trabalhadores no período de um ano. Dessa forma a provisão para este item corresponde a: (5/30/12) x 0,01399 x 100 = 0,02%.
A86: D | B86: Ausência por acidente de trabalho | C86: =15/30/12*0.003 -> 0.0001 | D86: =ROUND(($D$27+$D$67+$D$77)*C86,2) -> 0.44 | F86: O artigo 27 do Decreto nº 89.312, de 23/01/84, obriga o empregador a assumir o ônus financeiro pelo prazo de 15 dias, no caso de acidente de trabalho previsto no art. 131 da CLT. De acordo ccom a realidade da empresa. Assim a provisão corresponde a: ((15/30)/12) x 0,0078 x 100 = 0,03%.
A87: E | B87: Licença Maternidade | C87: =0.005*(4/12)/12 -> 0.0001 | D87: =ROUND(($D$27+$D$67+$D$77)*C87,2) -> 0.44 | F87: A provisão corresponde ao período legal de meses de afastamento na licença maternidade. De acordo com estimativa do IBGE para o ano corrente, nascem filhos de 1,3999% dos trabalhadores no período de um ano. Dessa forma a provisão para este item corresponde a: (0,01399 * (4/12)/12) x 100 = 0,04%.
A88: F | B88: Auxílio Doença | C88: =0.05/365 -> 0.0001 | D88: =ROUND(($D$27+$D$67+$D$77)*C88,2) -> 0.44 | F88: Estimativa de 0,13 ocorrências por ano. De acordo com realidade da empresa. A provisão mensal obtida pelo cálculo: (0,13/365) = 0,04%
A89: G | B89: Outros (especificar) | D89: =ROUND(($D$27+$D$67+$D$77)*C89,2) -> 0 | F89: Nota 2: Os itens que contemplam o módulo 4 se referem ao custo dos dias trabalhados pelo repositor/substituto, quando o empregado alocado na prestação de serviço estiver ausente, conforme as previsões estabelecidas na legislação.
A90: TOTAL | C90: =ROUND(SUM(C83:C89),4) -> 0.0838 | D90: =ROUND(SUM(D83:D89),2) -> 366.39
A92: Submódulo 4.2 - Intrajornada
A93: 4.2 | B93: Intrajornada | C93: Percentual (%) | D93: Valor (R$)
A94: A | B94: Intervalo para repouso ou alimentação | C94: =D94/D27 -> 0 | D94: 0
A95: TOTAL | D95: =ROUND(D94,2) -> 0
A97: Quadro-Resumo do Módulo 4 - Custo de Reposição do Profissional Ausente
A98: 4 | B98: Custo de Reposição do Profissional Ausente | D98: Valor (R$)
A99: 4.1 | B99: Ausências Legais | D99: =ROUND(D90,2) -> 366.39
A100: 4.2 | B100: Intrajornada | D100: =ROUND(D95,2) -> 0
A101: TOTAL | D101: =ROUND(SUM(D99:D100),2) -> 366.39
A103: Módulo 5 - INSUMOS DIVERSOS
A104: 5 | B104: Insumos Diversos | D104: Valor (R$)
A105: A | B105: Uniformes e EPI's | D105: =VLOOKUP(A14,'Entrada de dados'!A2:N10,9,FALSE) -> 19.92
A106: B | B106: Materiais de limpeza | D106: =VLOOKUP(A14,'Entrada de dados'!A2:N10,10,FALSE) -> 0
A107: B | B107: Materiais | D107: =VLOOKUP(A14,'Entrada de dados'!A2:N10,11,FALSE) -> 0
A108: B | B108: Materiais de Higiene | D108: =VLOOKUP(A14,'Entrada de dados'!A2:N10,12,FALSE) -> 0
A109: B | B109: Equipamentos | D109: =VLOOKUP(A14,'Entrada de dados'!A2:N10,13,FALSE) -> 18.78
A110: C | B110: Veiculo | D110: =VLOOKUP(A14,'Entrada de dados'!A2:N10,14,FALSE) -> 25.67
A111: D | B111: outros | D111: 0
A112: Total de Insumos diversos | D112: =ROUND(SUM(D105:D111),2) -> 64.37
A114: MÓDULO 6 - CUSTOS INDIRETOS, TRIBUTOS E LUCRO
A115: 6 | B115: Custos Indiretos, Tributos e Lucro | C115: Percentual (%) | D115: Valor (R$)
A116: A | B116: Custos Indiretos | C116: 0.001 | D116: =D132*C116 -> 4.8
A117: B | B117: Lucro | C117: ='1'!C117 -> 0.0078 | D117: =(D132+D116)*C117 -> 37.5
A118: C | B118: Tributos
...

Sheet 3
A1: PLANILHA DE CUSTOS E FORMAÇÃO DE PREÇOS
A3: PROCESSO LICITATÓRIO Nº: 177/2025
A4: PREGÃO Nº: 1772025
A7: Discriminação dos Serviços (dados referentes à contratação)
A8: A | B8: Data da apresentação da proposta (dia/mês/ano) | D8: 45783
A9: B | B9: Município onde será executado o serviço: | D9: PARANAGUÁ/ANTONINA
A10: C | B10: Nº de Registro da Convenção Coletiva de Trabalho no MTE: | D10: =VLOOKUP(A14,'Entrada de dados'!$A$1:$N$8,2,FALSE) -> PR000456/2025
A11: D | B11: Nº de meses de execução contratual | D11: 30
A13: IDENTIFICAÇÃO DO SERVIÇO | C13: UNIDADE DE MEDIDA | D13: QTDE
A14: ='Quadro Resumo'!D6 -> MEIO OFICIAL DE MANUTENÇÃO | C14: Posto de Serviço | D14: =VLOOKUP(A14,'Quadro Resumo'!D3:G13,4,FALSE) -> 3
A16: Carga horaria semanal | D16: 44
A17: Data base da categoria (dia / mês / ano): | D17: 45689
A19: Módulo 1: COMPOSIÇÃO DA REMUNERAÇÃO
A20: 1 | B20: Composição da Remuneração | D20: Valor (R$)
A21: A | B21: Salário Base | D21: =VLOOKUP(A14,'Entrada de dados'!A2:H8,3,FALSE)/44*'3'!D16 -> 2689 | F21: De acordo com a CCT
A22: B | B22: Adicional de periculosidade | F22: Conforme obrigatoriedade da legislação de regência.
A23: C | B23: Adicional de insalubridade | D23: 0 | F23: DEVERÁ SER UTILIZADA A PORCENTAGEM DE 20%, PARA APRESENTAÇÃO DE TODAS AS PLANILHAS.
A24: D | B24: Adicional noturno | F24: Conforme obrigatoriedade da legislação de regência.
A25: E | B25: Adicional de hora noturna reduzida | F25: Conforme obrigatoriedade da legislação de regência.
A26: F | B26: Cumulação de função | D26: 0 | F26: Conforme obrigatoriedade da legislação de regência.
A27: Total da Remuneração | D27: =SUM(D21:D26) -> 2689
A29: Módulo 2: ENCARGOS E BENEFÍCIOS ANUAIS, MENSAIS E DIÁRIOS
A31: Submódulo 2.1 - 13º (décimo terceiro) Salário, Férias e Adicional de Férias
A32: 2.1 | B32: 13º Salário, Férias e Adicional de Férias | C32: Percentual (%) | D32: Valor (R$)
A33: A | B33: 13º (décimo terceiro) Salário | C33: 0.0833 | D33: =ROUND($D$27*C33,2) -> 223.99 | F33: 1/12 (um doze avos) do total da remuneração.
A34: B | B34: Adicional de Férias | C34: 0.0278 | D34: =ROUND($D$27*C34,2) -> 74.75 | F34: Conforme previsão da IN 05/2017
A35: C | B35: Subtotal | C35: =SUM(C33:C34) -> 0.1111 | D35: =SUM(D33:D34) -> 298.74
A36: D | B36: Incidência do submódulo 2.2 sobre o submódulo 2.1 | C36: =C35*C49 -> 0.04 | D36: =ROUND($D$27*C36,2) -> 107.56
A37: TOTAL | C37: =SUM(C35:C36) -> 0.1511 | D37: =SUM(D35:D36) -> 406.3
A39: Submódulo 2.2 - Encargos Previdenciários (GPS), Fundo de Garantia por Tempo de Serviço (FGTS) e outras contribuições.
A40: 2.2 | B40: GPS, FGTS e outras contribuições | C40: Percentual (%) | D40: Valor (R$)
A41: A | B41: INSS | C41: 0.2 | D41: =ROUND($D$27*C41,2) -> 537.8 | F41: Art. 195, I, "A", Constituição Federal de 1988; art. 22, inciso I, da Lei 8.212/91
A42: B | B42: Salário Educação | C42: 0.025 | D42: =ROUND($D$27*C42,2) -> 67.23 | F42: Art. 212, § 5º da CF/88; Decreto-Lei nº 1.422/75
A43: C | B43: SAT | C43: =2%*1.0942 -> 0.0219 | D43: =ROUND($D$27*C43,2) -> 58.89 | F43: Art. 22, inciso II, da Lei nº 8.212/91 - De acordo com o percentual constante na GEFIP.
A44: D | B44: SESC ou SESI | C44: 0.015 | D44: =ROUND($D$27*C44,2) -> 40.34 | F44: Art. 30 da Lei nº 8.036/90; Decreto n.º 2.318/86
A45: E | B45: SENAI - SENAC | C45: 0.01 | D45: =ROUND($D$27*C45,2) -> 26.89 | F45: Decreto-Lei nº 2.318/86
A46: F | B46: SEBRAE | C46: 0.006 | D46: =ROUND($D$27*C46,2) -> 16.13 | F46: Art. 8º, §3º, Lei nº 8.029/90
A47: G | B47: INCRA | C47: 0.002 | D47: =ROUND($D$27*C47,2) -> 5.38 | F47: Lei nº 2.613/55; art. 1º, I, Decreto-Lei nº 1.146/70
A48: H | B48: FGTS | C48: 0.08 | D48: =ROUND($D$27*C48,2) -> 215.12 | F48: Art. 7º, Inciso III, da CF/88, c/c o art. 15, Lei nº 8.036/90
A49: TOTAL | C49: =ROUND(SUM(C41:C48),4) -> 0.3599 | D49: =ROUND(SUM(D41:D48),2) -> 967.78 | F49: Nota 1: Os percentuais dos encargos previdenciários, do FGTS e demais contribuições são aqueles estabelecidos pela legislação vigente.
A51: Submódulo 2.3 - Benefícios Mensais e Diários.
A52: 2.3 | B52: Benefícios Mensais e Diários | D52: Valor (R$) | F52: Qtde Dias
A53: A | B53: Transporte | D53: =IF(((F55*2*F53)-(D21*0.06))<0,0,((F55*2*F53)-(D21*0.06))) -> 0 | F53: 22 | H53: (conforme CCT) e legislação trabalhista.
A54: B | B54: Alimentação | D54: =F57*1*(1-F59) -> 644 | F54: Tarifa (R$) | H54: (conforme CCT) e legislação trabalhista.
A55: C | B55: Benefico Social Familiar | D55: =VLOOKUP(A14,'Entrada de dados'!A2:H8,5,FALSE) -> 28 | F55: 0 | H55: Conforme decreto municipal
A56: D | B56: Fundo de Formação Profissional | D56: =VLOOKUP(A14,'Entrada de dados'!A2:H8,6,FALSE) -> 28 | F56: V.A. (R$) | H56: (conforme CCT) e legislação trabalhista.
A57: E | B57: Beneficio assistencia Medica | D57: =VLOOKUP(A14,'Entrada de dados'!A2:H8,7,FALSE) -> 81 | F57: =VLOOKUP(A14,'Entrada de dados'!A2:H8,4,FALSE) -> 805 | H57: (conforme CCT) e legislação trabalhista.
A58: F | B58: Vale alimentação nas férias | D58: =VLOOKUP(A14,'Entrada de dados'!A2:H8,8,FALSE)*0.8 -> 53.66 | F58: % PAT | H58: (conforme CCT) e legislação trabalhista.
A59: G | B59: Seguro de vida | D59: 0 | F59: 0.2 | H59: (conforme CCT) e legislação trabalhista.
A60: Total dos Benefícios Mensais e Diários | D60: =ROUND(SUM(D53:D59),2) -> 834.66
A62: Quadro-Resumo do Módulo 2 - Encargos e Benefícios anuais, mensais e diários
A63: 2 | B63: Encargos e Benefícios Anuais, Mensais e Diários | D63: Valor (R$)
A64: 2.1 | B64: 13º (décimo terceiro) Salário, Férias e Adicional de Férias | D64: =ROUND(D37,2) -> 406.3
A65: 2.2 | B65: GPS, FGTS e outras contribuições | D65: =ROUND(D49,2) -> 967.78
A66: 2.3 | B66: Benefícios Mensais e Diários | D66: =ROUND(D60,2) -> 834.66
A67: TOTAL | D67: =ROUND(SUM(D64:D66),2) -> 2208.74
A69: Módulo 3 - Provisão para Rescisão
A70: 3 | B70: Provisão para Rescisão | C70: Percentual (%) | D70: Valor (R$)
A71: A | B71: Aviso Prévio Indenizado | C71: =1/12*0.05 -> 0.0042 | D71: =ROUND(($D$27+$D$94)*C71,2) -> 11.29 | F71: Trata-se de valor devido ao empregado no caso de o empregador rescindir o contrato sem justo motivo e sem lhe conceder aviso prévio, conforme disposto no § 1º do art. 487 da CLT. De acordo com levantamento efetuado em diversos contratos, cerca de 5% do pessoal é demitido pelo empregador, antes do término do contrato de trabalho. Cálculo ((1/12)x 0,05) x 100 = 0,42%
A72: B | B72: Incidência do FGTS sobre o Aviso Prévio Indenizado | C72: =C71*C48 -> 0.000336 | D72: =ROUND(($D$27+$D$94)*C72,2) -> 0.9 | F72: É a aplicação de 8% sobre o valor obtido no item A deste Módulo
A73: C | B73: Multa do FGTS sobre o Aviso Prévio Indenizado | C73: 0.0065 | D73: =ROUND($D$27*C73,2) -> 17.48 | F73: Corresponde a aplicação do percentual de 40% da multa do FGTS sobre o valor do item B deste módulo. Multa do FGTS sobre o Aviso Prévio Indenizado, estando devidamente dimensionada entre o Indenizado e o Trabalhado, totalizando 4%, de acordo com a IN 05/2017 (Conta Vinculada)
A74: D | B74: Aviso Prévio Trabalhado | C74: =7/30/12 -> 0.0194 | D74: =ROUND(($D$27+$D$94)*C74,2) -> 52.17 | F74: Refere-se à indenização de sete dias corridos devida ao empregado no caso de o empregador rescindir o contrato sem justo motivo e conceder aviso prévio, conforme disposto no art. 488 da CLT. Logo a provisão representa: (((7/30)/12))x100 = 1,94%
A75: E | B75: Incidência dos encargos do submódulo 2.2 sobre o Aviso Prévio Trabalhado | C75: =C74*C49 -> 0.007 | D75: =ROUND(($D$27+$D$94)*C75,2) -> 18.82 | F75: Calculado multiplicando-se o percentual total do submódulo 2.2 ao valor do item D deste módulo.
A76: C | B76: Multa do FGTS sobre o Aviso Prévio Trabalhado | C76: 0.0335 | D76: =ROUND($D$27*C76,2) -> 90.08 | F76: Corresponde a aplicação do percentual de 40% da multa do FGTS sobre o valor do item B deste módulo. Multa do FGTS sobre o Aviso Prévio Indenizado, estando devidamente dimensionada entre o Indenizado e o Trabalhado, totalizando 4%, de acordo com a IN 05/2017 (Conta Vinculada)
A77: TOTAL | C77: =ROUND(SUM(C71:C76),4) -> 0.0709 | D77: =ROUND(SUM(D71:D76),2) -> 190.74
A79: Módulo 4 - Custo de Reposição do Profissional Ausente
A81: Submódulo 4.1 - Ausências Legais
A82: 4.1 | B82: Ausências Legais | C82: Percentual (%) | D82: Valor (R$)
A83: A | B83: Férias | C83: =1/12 -> 0.0833 | D83: =ROUND(($D$27+$D$67+$D$77)*C83,2) -> 423.87 | F83: Custo total do profissional que substituirá o empregado por 30 dias no ano, em razão de férias. De acordo com realidade da empresa.
A84: B | B84: Ausências Legais | C84: =0.05/365 -> 0.0001 | D84: =ROUND(($D$27+$D$67+$D$77)*C84,2) -> 0.51 | F84: Estimativa de 0,13 ausências por ano. De acordo com realidade da empresa. A provisão mensal obtida pelo cálculo: (0,13/365) = 0,04%
A85: C | B85: Licença Paternidade | C85: =5/30/12*0.005 -> 0.0001 | D85: =ROUND(($D$27+$D$67+$D$77)*C85,2) -> 0.51 | F85: Criada pelo art. 7º, inciso XIX da CF, combinado com o art. 10, § 1º dos Atos das Disposições Constitucionais Transitórias – ADCT - , concede ao empregado o direito de ausentar-se do serviço por cinco dias quando do nascimento de filho. De acordo com estimativa do IBGE para o ano corrente, nascem filhos de 1,3999% dos trabalhadores no período de um ano. Dessa forma a provisão para este item corresponde a: (5/30/12) x 0,01399 x 100 = 0,02%.
A86: D | B86: Ausência por acidente de trabalho | C86: =15/30/12*0.003 -> 0.0001 | D86: =ROUND(($D$27+$D$67+$D$77)*C86,2) -> 0.51 | F86: O artigo 27 do Decreto nº 89.312, de 23/01/84, obriga o empregador a assumir o ônus financeiro pelo prazo de 15 dias, no caso de acidente de trabalho previsto no art. 131 da CLT. De acordo ccom a realidade da empresa. Assim a provisão corresponde a: ((15/30)/12) x 0,0078 x 100 = 0,03%.
A87: E | B87: Licença Maternidade | C87: =0.005*(4/12)/12 -> 0.0001 | D87: =ROUND(($D$27+$D$67+$D$77)*C87,2) -> 0.51 | F87: A provisão corresponde ao período legal de meses de afastamento na licença maternidade. De acordo com estimativa do IBGE para o ano corrente, nascem filhos de 1,3999% dos trabalhadores no período de um ano. Dessa forma a provisão para este item corresponde a: (0,01399 * (4/12)/12) x 100 = 0,04%.
A88: F | B88: Auxílio Doença | C88: =0.05/365 -> 0.0001 | D88: =ROUND(($D$27+$D$67+$D$77)*C88,2) -> 0.51 | F88: Estimativa de 0,13 ocorrências por ano. De acordo com realidade da empresa. A provisão mensal obtida pelo cálculo: (0,13/365) = 0,04%
A89: G | B89: Outros (especificar) | D89: =ROUND(($D$27+$D$67+$D$77)*C89,2) -> 0 | F89: Nota 2: Os itens que contemplam o módulo 4 se referem ao custo dos dias trabalhados pelo repositor/substituto, quando o empregado alocado na prestação de serviço estiver ausente, conforme as previsões estabelecidas na legislação.
A90: TOTAL | C90: =ROUND(SUM(C83:C89),4) -> 0.0838 | D90: =ROUND(SUM(D83:D89),2) -> 426.42
A92: Submódulo 4.2 - Intrajornada
A93: 4.2 | B93: Intrajornada | C93: Percentual (%) | D93: Valor (R$)
A94: A | B94: Intervalo para repouso ou alimentação | C94: =D94/D27 -> 0 | D94: 0
A95: TOTAL | D95: =ROUND(D94,2) -> 0
A97: Quadro-Resumo do Módulo 4 - Custo de Reposição do Profissional Ausente
A98: 4 | B98: Custo de Reposição do Profissional Ausente | D98: Valor (R$)
A99: 4.1 | B99: Ausências Legais | D99: =ROUND(D90,2) -> 426.42
A100: 4.2 | B100: Intrajornada | D100: =ROUND(D95,2) -> 0
A101: TOTAL | D101: =ROUND(SUM(D99:D100),2) -> 426.42
A103: Módulo 5 - INSUMOS DIVERSOS
A104: 5 | B104: Insumos Diversos | D104: Valor (R$)
A105: A | B105: Uniformes e EPI's | D105: =VLOOKUP(A14,'Entrada de dados'!A2:N10,9,FALSE) -> 43.67
A106: B | B106: Materiais de limpeza | D106: =VLOOKUP(A14,'Entrada de dados'!A2:N10,10,FALSE) -> 0
A107: B | B107: Materiais | D107: =VLOOKUP(A14,'Entrada de dados'!A2:N10,11,FALSE) -> 0
A108: B | B108: Materiais de Higiene | D108: =VLOOKUP(A14,'Entrada de dados'!A2:N10,12,FALSE) -> 0
A109: B | B109: Equipamentos | D109: =VLOOKUP(A14,'Entrada de dados'!A2:N10,13,FALSE) -> 18.78
A110: C | B110: Veiculo | D110: =VLOOKUP(A14,'Entrada de dados'!A2:N10,14,FALSE) -> 25.67
A111: D | B111: outros | D111: 0
A112: Total de Insumos diversos | D112: =ROUND(SUM(D105:D111),2) -> 88.12
A114: MÓDULO 6 - CUSTOS INDIRETOS, TRIBUTOS E LUCRO
A115: 6 | B115: Custos Indiretos, Tributos e Lucro | C115: Percentual (%) | D115: Valor (R$)
A116: A | B116: Custos Indiretos | C116: 0.001 | D116: =D132*C116 -> 5.6
A117: B | B117: Lucro | C117: ='1'!C117 -> 0.0078 | D117: =(D132+D116)*C117 -> 43.75
A118: C | B118: Tributos
...

Sheet 4
A1: PLANILHA DE CUSTOS E FORMAÇÃO DE PREÇOS
A3: PROCESSO LICITATÓRIO Nº: 177/2025
A4: PREGÃO Nº: 1772025
A7: Discriminação dos Serviços (dados referentes à contratação)
A8: A | B8: Data da apresentação da proposta (dia/mês/ano) | D8: 45783
A9: B | B9: Município onde será executado o serviço: | D9: PARANAGUÁ/ANTONINA
A10: C | B10: Nº de Registro da Convenção Coletiva de Trabalho no MTE: | D10: =VLOOKUP(A14,'Entrada de dados'!$A$1:$N$8,2,FALSE) -> PR000074/2025
A11: D | B11: Nº de meses de execução contratual | D11: 30
A13: IDENTIFICAÇÃO DO SERVIÇO | C13: UNIDADE DE MEDIDA | D13: QTDE
A14: ='Quadro Resumo'!D7 -> COPEIRA | C14: Posto de Serviço | D14: =VLOOKUP(A14,'Quadro Resumo'!D3:G13,4,FALSE) -> 5
A16: Carga horaria semanal | D16: 44
A17: Data base da categoria (dia / mês / ano): | D17: 45689
A19: Módulo 1: COMPOSIÇÃO DA REMUNERAÇÃO
A20: 1 | B20: Composição da Remuneração | D20: Valor (R$)
A21: A | B21: Salário Base | D21: =VLOOKUP(A14,'Entrada de dados'!A2:H8,3,FALSE)/44*'4'!D16 -> 1821 | F21: De acordo com a CCT
A22: B | B22: Adicional de periculosidade | F22: Conforme obrigatoriedade da legislação de regência.
A23: C | B23: Adicional de insalubridade | D23: 0 | F23: DEVERÁ SER UTILIZADA A PORCENTAGEM DE 20%, PARA APRESENTAÇÃO DE TODAS AS PLANILHAS.
A24: D | B24: Adicional noturno | F24: Conforme obrigatoriedade da legislação de regência.
A25: E | B25: Adicional de hora noturna reduzida | F25: Conforme obrigatoriedade da legislação de regência.
A26: F | B26: Cumulação de função | D26: 0 | F26: Conforme obrigatoriedade da legislação de regência.
A27: Total da Remuneração | D27: =SUM(D21:D26) -> 1821
A29: Módulo 2: ENCARGOS E BENEFÍCIOS ANUAIS, MENSAIS E DIÁRIOS
A31: Submódulo 2.1 - 13º (décimo terceiro) Salário, Férias e Adicional de Férias
A32: 2.1 | B32: 13º Salário, Férias e Adicional de Férias | C32: Percentual (%) | D32: Valor (R$)
A33: A | B33: 13º (décimo terceiro) Salário | C33: 0.0833 | D33: =ROUND($D$27*C33,2) -> 151.69 | F33: 1/12 (um doze avos) do total da remuneração.
A34: B | B34: Adicional de Férias | C34: 0.0278 | D34: =ROUND($D$27*C34,2) -> 50.62 | F34: Conforme previsão da IN 05/2017
A35: C | B35: Subtotal | C35: =SUM(C33:C34) -> 0.1111 | D35: =SUM(D33:D34) -> 202.31
A36: D | B36: Incidência do submódulo 2.2 sobre o submódulo 2.1 | C36: =C35*C49 -> 0.04 | D36: =ROUND($D$27*C36,2) -> 72.84
A37: TOTAL | C37: =SUM(C35:C36) -> 0.1511 | D37: =SUM(D35:D36) -> 275.15
A39: Submódulo 2.2 - Encargos Previdenciários (GPS), Fundo de Garantia por Tempo de Serviço (FGTS) e outras contribuições.
A40: 2.2 | B40: GPS, FGTS e outras contribuições | C40: Percentual (%) | D40: Valor (R$)
A41: A | B41: INSS | C41: 0.2 | D41: =ROUND($D$27*C41,2) -> 364.2 | F41: Art. 195, I, "A", Constituição Federal de 1988; art. 22, inciso I, da Lei 8.212/91
A42: B | B42: Salário Educação | C42: 0.025 | D42: =ROUND($D$27*C42,2) -> 45.53 | F42: Art. 212, § 5º da CF/88; Decreto-Lei nº 1.422/75
A43: C | B43: SAT | C43: =2%*1.0942 -> 0.0219 | D43: =ROUND($D$27*C43,2) -> 39.88 | F43: Art. 22, inciso II, da Lei nº 8.212/91 - De acordo com o percentual constante na GEFIP.
A44: D | B44: SESC ou SESI | C44: 0.015 | D44: =ROUND($D$27*C44,2) -> 27.32 | F44: Art. 30 da Lei nº 8.036/90; Decreto n.º 2.318/86
A45: E | B45: SENAI - SENAC | C45: 0.01 | D45: =ROUND($D$27*C45,2) -> 18.21 | F45: Decreto-Lei nº 2.318/86
A46: F | B46: SEBRAE | C46: 0.006 | D46: =ROUND($D$27*C46,2) -> 10.93 | F46: Art. 8º, §3º, Lei nº 8.029/90
A47: G | B47: INCRA | C47: 0.002 | D47: =ROUND($D$27*C47,2) -> 3.64 | F47: Lei nº 2.613/55; art. 1º, I, Decreto-Lei nº 1.146/70
A48: H | B48: FGTS | C48: 0.08 | D48: =ROUND($D$27*C48,2) -> 145.68 | F48: Art. 7º, Inciso III, da CF/88, c/c o art. 15, Lei nº 8.036/90
A49: TOTAL | C49: =ROUND(SUM(C41:C48),4) -> 0.3599 | D49: =ROUND(SUM(D41:D48),2) -> 655.39 | F49: Nota 1: Os percentuais dos encargos previdenciários, do FGTS e demais contribuições são aqueles estabelecidos pela legislação vigente.
A51: Submódulo 2.3 - Benefícios Mensais e Diários.
A52: 2.3 | B52: Benefícios Mensais e Diários | D52: Valor (R$) | F52: Qtde Dias
A53: A | B53: Transporte | D53: =IF(((F55*2*F53)-(D21*0.06))<0,0,((F55*2*F53)-(D21*0.06))) -> 0 | F53: 22 | H53: (conforme CCT) e legislação trabalhista.
A54: B | B54: Alimentação | D54: =F57*1*(1-F59) -> 644 | F54: Tarifa (R$) | H54: (conforme CCT) e legislação trabalhista.
A55: C | B55: Benefico Social Familiar | D55: =VLOOKUP(A14,'Entrada de dados'!A2:H8,5,FALSE) -> 28 | F55: 0 | H55: Conforme decreto municipal
A56: D | B56: Fundo de Formação Profissional | D56: =VLOOKUP(A14,'Entrada de dados'!A2:H8,6,FALSE) -> 28 | F56: V.A. (R$) | H56: (conforme CCT) e legislação trabalhista.
A57: E | B57: Beneficio assistencia Medica | D57: =VLOOKUP(A14,'Entrada de dados'!A2:H8,7,FALSE) -> 87.5 | F57: =VLOOKUP(A14,'Entrada de dados'!A2:H8,4,FALSE) -> 805 | H57: (conforme CCT) e legislação trabalhista.
A58: F | B58: Vale alimentação nas férias | D58: =VLOOKUP(A14,'Entrada de dados'!A2:H8,8,FALSE)*0.8 -> 53.66 | F58: % PAT | H58: (conforme CCT) e legislação trabalhista.
A59: G | B59: Seguro de vida | D59: 0 | F59: 0.2 | H59: (conforme CCT) e legislação trabalhista.
A60: Total dos Benefícios Mensais e Diários | D60: =ROUND(SUM(D53:D59),2) -> 841.16
A62: Quadro-Resumo do Módulo 2 - Encargos e Benefícios anuais, mensais e diários
A63: 2 | B63: Encargos e Benefícios Anuais, Mensais e Diários | D63: Valor (R$)
A64: 2.1 | B64: 13º (décimo terceiro) Salário, Férias e Adicional de Férias | D64: =ROUND(D37,2) -> 275.15
A65: 2.2 | B65: GPS, FGTS e outras contribuições | D65: =ROUND(D49,2) -> 655.39
A66: 2.3 | B66: Benefícios Mensais e Diários | D66: =ROUND(D60,2) -> 841.16
A67: TOTAL | D67: =ROUND(SUM(D64:D66),2) -> 1771.7
A69: Módulo 3 - Provisão para Rescisão
A70: 3 | B70: Provisão para Rescisão | C70: Percentual (%) | D70: Valor (R$)
A71: A | B71: Aviso Prévio Indenizado | C71: =1/12*0.05 -> 0.0042 | D71: =ROUND(($D$27+$D$94)*C71,2) -> 7.65 | F71: Trata-se de valor devido ao empregado no caso de o empregador rescindir o contrato sem justo motivo e sem lhe conceder aviso prévio, conforme disposto no § 1º do art. 487 da CLT. De acordo com levantamento efetuado em diversos contratos, cerca de 5% do pessoal é demitido pelo empregador, antes do término do contrato de trabalho. Cálculo ((1/12)x 0,05) x 100 = 0,42%
A72: B | B72: Incidência do FGTS sobre o Aviso Prévio Indenizado | C72: =C71*C48 -> 0.000336 | D72: =ROUND(($D$27+$D$94)*C72,2) -> 0.61 | F72: É a aplicação de 8% sobre o valor obtido no item A deste Módulo
A73: C | B73: Multa do FGTS sobre o Aviso Prévio Indenizado | C73: 0.0065 | D73: =ROUND($D$27*C73,2) -> 11.84 | F73: Corresponde a aplicação do percentual de 40% da multa do FGTS sobre o valor do item B deste módulo. Multa do FGTS sobre o Aviso Prévio Indenizado, estando devidamente dimensionada entre o Indenizado e o Trabalhado, totalizando 4%, de acordo com a IN 05/2017 (Conta Vinculada)
A74: D | B74: Aviso Prévio Trabalhado | C74: =7/30/12 -> 0.0194 | D74: =ROUND(($D$27+$D$94)*C74,2) -> 35.33 | F74: Refere-se à indenização de sete dias corridos devida ao empregado no caso de o empregador rescindir o contrato sem justo motivo e conceder aviso prévio, conforme disposto no art. 488 da CLT. Logo a provisão representa: (((7/30)/12))x100 = 1,94%
A75: E | B75: Incidência dos encargos do submódulo 2.2 sobre o Aviso Prévio Trabalhado | C75: =C74*C49 -> 0.007 | D75: =ROUND(($D$27+$D$94)*C75,2) -> 12.75 | F75: Calculado multiplicando-se o percentual total do submódulo 2.2 ao valor do item D deste módulo.
A76: C | B76: Multa do FGTS sobre o Aviso Prévio Trabalhado | C76: 0.0335 | D76: =ROUND($D$27*C76,2) -> 61 | F76: Corresponde a aplicação do percentual de 40% da multa do FGTS sobre o valor do item B deste módulo. Multa do FGTS sobre o Aviso Prévio Indenizado, estando devidamente dimensionada entre o Indenizado e o Trabalhado, totalizando 4%, de acordo com a IN 05/2017 (Conta Vinculada)
A77: TOTAL | C77: =ROUND(SUM(C71:C76),4) -> 0.0709 | D77: =ROUND(SUM(D71:D76),2) -> 129.18
A79: Módulo 4 - Custo de Reposição do Profissional Ausente
A81: Submódulo 4.1 - Ausências Legais
A82: 4.1 | B82: Ausências Legais | C82: Percentual (%) | D82: Valor (R$)
A83: A | B83: Férias | C83: =1/12 -> 0.0833 | D83: =ROUND(($D$27+$D$67+$D$77)*C83,2) -> 310.03 | F83: Custo total do profissional que substituirá o empregado por 30 dias no ano, em razão de férias. De acordo com realidade da empresa.
A84: B | B84: Ausências Legais | C84: =0.05/365 -> 0.0001 | D84: =ROUND(($D$27+$D$67+$D$77)*C84,2) -> 0.37 | F84: Estimativa de 0,13 ausências por ano. De acordo com realidade da empresa. A provisão mensal obtida pelo cálculo: (0,13/365) = 0,04%
A85: C | B85: Licença Paternidade | C85: =5/30/12*0.005 -> 0.0001 | D85: =ROUND(($D$27+$D$67+$D$77)*C85,2) -> 0.37 | F85: Criada pelo art. 7º, inciso XIX da CF, combinado com o art. 10, § 1º dos Atos das Disposições Constitucionais Transitórias – ADCT - , concede ao empregado o direito de ausentar-se do serviço por cinco dias quando do nascimento de filho. De acordo com estimativa do IBGE para o ano corrente, nascem filhos de 1,3999% dos trabalhadores no período de um ano. Dessa forma a provisão para este item corresponde a: (5/30/12) x 0,01399 x 100 = 0,02%.
A86: D | B86: Ausência por acidente de trabalho | C86: =15/30/12*0.003 -> 0.0001 | D86: =ROUND(($D$27+$D$67+$D$77)*C86,2) -> 0.37 | F86: O artigo 27 do Decreto nº 89.312, de 23/01/84, obriga o empregador a assumir o ônus financeiro pelo prazo de 15 dias, no caso de acidente de trabalho previsto no art. 131 da CLT. De acordo ccom a realidade da empresa. Assim a provisão corresponde a: ((15/30)/12) x 0,0078 x 100 = 0,03%.
A87: E | B87: Licença Maternidade | C87: =0.005*(4/12)/12 -> 0.0001 | D87: =ROUND(($D$27+$D$67+$D$77)*C87,2) -> 0.37 | F87: A provisão corresponde ao período legal de meses de afastamento na licença maternidade. De acordo com estimativa do IBGE para o ano corrente, nascem filhos de 1,3999% dos trabalhadores no período de um ano. Dessa forma a provisão para este item corresponde a: (0,01399 * (4/12)/12) x 100 = 0,04%.
A88: F | B88: Auxílio Doença | C88: =0.05/365 -> 0.0001 | D88: =ROUND(($D$27+$D$67+$D$77)*C88,2) -> 0.37 | F88: Estimativa de 0,13 ocorrências por ano. De acordo com realidade da empresa. A provisão mensal obtida pelo cálculo: (0,13/365) = 0,04%
A89: G | B89: Outros (especificar) | D89: =ROUND(($D$27+$D$67+$D$77)*C89,2) -> 0 | F89: Nota 2: Os itens que contemplam o módulo 4 se referem ao custo dos dias trabalhados pelo repositor/substituto, quando o empregado alocado na prestação de serviço estiver ausente, conforme as previsões estabelecidas na legislação.
A90: TOTAL | C90: =ROUND(SUM(C83:C89),4) -> 0.0838 | D90: =ROUND(SUM(D83:D89),2) -> 311.88
A92: Submódulo 4.2 - Intrajornada
A93: 4.2 | B93: Intrajornada | C93: Percentual (%) | D93: Valor (R$)
A94: A | B94: Intervalo para repouso ou alimentação | C94: =D94/D27 -> 0 | D94: 0
A95: TOTAL | D95: =ROUND(D94,2) -> 0
A97: Quadro-Resumo do Módulo 4 - Custo de Reposição do Profissional Ausente
A98: 4 | B98: Custo de Reposição do Profissional Ausente | D98: Valor (R$)
A99: 4.1 | B99: Ausências Legais | D99: =ROUND(D90,2) -> 311.88
A100: 4.2 | B100: Intrajornada | D100: =ROUND(D95,2) -> 0
A101: TOTAL | D101: =ROUND(SUM(D99:D100),2) -> 311.88
A103: Módulo 5 - INSUMOS DIVERSOS
A104: 5 | B104: Insumos Diversos | D104: Valor (R$)
A105: A | B105: Uniformes e EPI's | D105: =VLOOKUP(A14,'Entrada de dados'!A2:N10,9,FALSE) -> 27.92
A106: B | B106: Materiais de limpeza | D106: =VLOOKUP(A14,'Entrada de dados'!A2:N10,10,FALSE) -> 0
A107: B | B107: Materiais | D107: =VLOOKUP(A14,'Entrada de dados'!A2:N10,11,FALSE) -> 0
A108: B | B108: Materiais de Higiene | D108: =VLOOKUP(A14,'Entrada de dados'!A2:N10,12,FALSE) -> 0
A109: B | B109: Equipamentos | D109: =VLOOKUP(A14,'Entrada de dados'!A2:N10,13,FALSE) -> 18.78
A110: C | B110: Veiculo | D110: =VLOOKUP(A14,'Entrada de dados'!A2:N10,14,FALSE) -> 25.67
A111: D | B111: outros | D111: 0
A112: Total de Insumos diversos | D112: =ROUND(SUM(D105:D111),2) -> 72.37
A114: MÓDULO 6 - CUSTOS INDIRETOS, TRIBUTOS E LUCRO
A115: 6 | B115: Custos Indiretos, Tributos e Lucro | C115: Percentual (%) | D115: Valor (R$)
A116: A | B116: Custos Indiretos | C116: 0.001 | D116: =D132*C116 -> 4.11
A117: B | B117: Lucro | C117: ='1'!C117 -> 0.0078 | D117: =(D132+D116)*C117 -> 32.06
A118: C | B118: Tributos
...

Sheet 5
A1: PLANILHA DE CUSTOS E FORMAÇÃO DE PREÇOS
A3: PROCESSO LICITATÓRIO Nº: 177/2025
A4: PREGÃO Nº: 1772025
A7: Discriminação dos Serviços (dados referentes à contratação)
A8: A | B8: Data da apresentação da proposta (dia/mês/ano) | D8: 45783
A9: B | B9: Município onde será executado o serviço: | D9: PARANAGUÁ/ANTONINA
A10: C | B10: Nº de Registro da Convenção Coletiva de Trabalho no MTE: | D10: =VLOOKUP(A14,'Entrada de dados'!$A$1:$N$8,2,FALSE) -> PR000074/2025
A11: D | B11: Nº de meses de execução contratual | D11: 30
A13: IDENTIFICAÇÃO DO SERVIÇO | C13: UNIDADE DE MEDIDA | D13: QTDE
A14: ='Quadro Resumo'!D8 -> JARDINEIRO | C14: Posto de Serviço | D14: =VLOOKUP(A14,'Quadro Resumo'!D3:G13,4,FALSE) -> 1
A16: Carga horaria semanal | D16: 44
A17: Data base da categoria (dia / mês / ano): | D17: 45689
A19: Módulo 1: COMPOSIÇÃO DA REMUNERAÇÃO
A20: 1 | B20: Composição da Remuneração | D20: Valor (R$)
A21: A | B21: Salário Base | D21: =VLOOKUP(A14,'Entrada de dados'!A2:H8,3,FALSE)/44*'5'!D16 -> 1884 | F21: De acordo com a CCT
A22: B | B22: Adicional de periculosidade | F22: Conforme obrigatoriedade da legislação de regência.
A23: C | B23: Adicional de insalubridade | D23: 0 | F23: DEVERÁ SER UTILIZADA A PORCENTAGEM DE 20%, PARA APRESENTAÇÃO DE TODAS AS PLANILHAS.
A24: D | B24: Adicional noturno | F24: Conforme obrigatoriedade da legislação de regência.
A25: E | B25: Adicional de hora noturna reduzida | F25: Conforme obrigatoriedade da legislação de regência.
A26: F | B26: Cumulação de função | D26: 0 | F26: Conforme obrigatoriedade da legislação de regência.
A27: Total da Remuneração | D27: =SUM(D21:D26) -> 1884
A29: Módulo 2: ENCARGOS E BENEFÍCIOS ANUAIS, MENSAIS E DIÁRIOS
A31: Submódulo 2.1 - 13º (décimo terceiro) Salário, Férias e Adicional de Férias
A32: 2.1 | B32: 13º Salário, Férias e Adicional de Férias | C32: Percentual (%) | D32: Valor (R$)
A33: A | B33: 13º (décimo terceiro) Salário | C33: 0.0833 | D33: =ROUND($D$27*C33,2) -> 156.94 | F33: 1/12 (um doze avos) do total da remuneração.
A34: B | B34: Adicional de Férias | C34: 0.0278 | D34: =ROUND($D$27*C34,2) -> 52.38 | F34: Conforme previsão da IN 05/2017
A35: C | B35: Subtotal | C35: =SUM(C33:C34) -> 0.1111 | D35: =SUM(D33:D34) -> 209.32
A36: D | B36: Incidência do submódulo 2.2 sobre o submódulo 2.1 | C36: =C35*C49 -> 0.04 | D36: =ROUND($D$27*C36,2) -> 75.36
A37: TOTAL | C37: =SUM(C35:C36) -> 0.1511 | D37: =SUM(D35:D36) -> 284.68
A39: Submódulo 2.2 - Encargos Previdenciários (GPS), Fundo de Garantia por Tempo de Serviço (FGTS) e outras contribuições.
A40: 2.2 | B40: GPS, FGTS e outras contribuições | C40: Percentual (%) | D40: Valor (R$)
A41: A | B41: INSS | C41: 0.2 | D41: =ROUND($D$27*C41,2) -> 376.8 | F41: Art. 195, I, "A", Constituição Federal de 1988; art. 22, inciso I, da Lei 8.212/91
A42: B | B42: Salário Educação | C42: 0.025 | D42: =ROUND($D$27*C42,2) -> 47.1 | F42: Art. 212, § 5º da CF/88; Decreto-Lei nº 1.422/75
A43: C | B43: SAT | C43: =2%*1.0942 -> 0.0219 | D43: =ROUND($D$27*C43,2) -> 41.26 | F43: Art. 22, inciso II, da Lei nº 8.212/91 - De acordo com o percentual constante na GEFIP.
A44: D | B44: SESC ou SESI | C44: 0.015 | D44: =ROUND($D$27*C44,2) -> 28.26 | F44: Art. 30 da Lei nº 8.036/90; Decreto n.º 2.318/86
A45: E | B45: SENAI - SENAC | C45: 0.01 | D45: =ROUND($D$27*C45,2) -> 18.84 | F45: Decreto-Lei nº 2.318/86
A46: F | B46: SEBRAE | C46: 0.006 | D46: =ROUND($D$27*C46,2) -> 11.3 | F46: Art. 8º, §3º, Lei nº 8.029/90
A47: G | B47: INCRA | C47: 0.002 | D47: =ROUND($D$27*C47,2) -> 3.77 | F47: Lei nº 2.613/55; art. 1º, I, Decreto-Lei nº 1.146/70
A48: H | B48: FGTS | C48: 0.08 | D48: =ROUND($D$27*C48,2) -> 150.72 | F48: Art. 7º, Inciso III, da CF/88, c/c o art. 15, Lei nº 8.036/90
A49: TOTAL | C49: =ROUND(SUM(C41:C48),4) -> 0.3599 | D49: =ROUND(SUM(D41:D48),2) -> 678.05 | F49: Nota 1: Os percentuais dos encargos previdenciários, do FGTS e demais contribuições são aqueles estabelecidos pela legislação vigente.
A51: Submódulo 2.3 - Benefícios Mensais e Diários.
A52: 2.3 | B52: Benefícios Mensais e Diários | D52: Valor (R$) | F52: Qtde Dias
A53: A | B53: Transporte | D53: =IF(((F55*2*F53)-(D21*0.06))<0,0,((F55*2*F53)-(D21*0.06))) -> 0 | F53: 22 | H53: (conforme CCT) e legislação trabalhista.
A54: B | B54: Alimentação | D54: =F57*1*(1-F59) -> 644 | F54: Tarifa (R$) | H54: (conforme CCT) e legislação trabalhista.
A55: C | B55: Benefico Social Familiar | D55: =VLOOKUP(A14,'Entrada de dados'!A2:H8,5,FALSE) -> 28 | F55: 0 | H55: Conforme decreto municipal
A56: D | B56: Fundo de Formação Profissional | D56: =VLOOKUP(A14,'Entrada de dados'!A2:H8,6,FALSE) -> 28 | F56: V.A. (R$) | H56: (conforme CCT) e legislação trabalhista.
A57: E | B57: Beneficio assistencia Medica | D57: =VLOOKUP(A14,'Entrada de dados'!A2:H8,7,FALSE) -> 87.5 | F57: =VLOOKUP(A14,'Entrada de dados'!A2:H8,4,FALSE) -> 805 | H57: (conforme CCT) e legislação trabalhista.
A58: F | B58: Vale alimentação nas férias | D58: =VLOOKUP(A14,'Entrada de dados'!A2:H8,8,FALSE)*0.8 -> 53.66 | F58: % PAT | H58: (conforme CCT) e legislação trabalhista.
A59: G | B59: Seguro de vida | D59: 0 | F59: 0.2 | H59: (conforme CCT) e legislação trabalhista.
A60: Total dos Benefícios Mensais e Diários | D60: =ROUND(SUM(D53:D59),2) -> 841.16
A62: Quadro-Resumo do Módulo 2 - Encargos e Benefícios anuais, mensais e diários
A63: 2 | B63: Encargos e Benefícios Anuais, Mensais e Diários | D63: Valor (R$)
A64: 2.1 | B64: 13º (décimo terceiro) Salário, Férias e Adicional de Férias | D64: =ROUND(D37,2) -> 284.68
A65: 2.2 | B65: GPS, FGTS e outras contribuições | D65: =ROUND(D49,2) -> 678.05
A66: 2.3 | B66: Benefícios Mensais e Diários | D66: =ROUND(D60,2) -> 841.16
A67: TOTAL | D67: =ROUND(SUM(D64:D66),2) -> 1803.89
A69: Módulo 3 - Provisão para Rescisão
A70: 3 | B70: Provisão para Rescisão | C70: Percentual (%) | D70: Valor (R$)
A71: A | B71: Aviso Prévio Indenizado | C71: =1/12*0.05 -> 0.0042 | D71: =ROUND(($D$27+$D$94)*C71,2) -> 7.91 | F71: Trata-se de valor devido ao empregado no caso de o empregador rescindir o contrato sem justo motivo e sem lhe conceder aviso prévio, conforme disposto no § 1º do art. 487 da CLT. De acordo com levantamento efetuado em diversos contratos, cerca de 5% do pessoal é demitido pelo empregador, antes do término do contrato de trabalho. Cálculo ((1/12)x 0,05) x 100 = 0,42%
A72: B | B72: Incidência do FGTS sobre o Aviso Prévio Indenizado | C72: =C71*C48 -> 0.000336 | D72: =ROUND(($D$27+$D$94)*C72,2) -> 0.63 | F72: É a aplicação de 8% sobre o valor obtido no item A deste Módulo
A73: C | B73: Multa do FGTS sobre o Aviso Prévio Indenizado | C73: 0.0065 | D73: =ROUND($D$27*C73,2) -> 12.25 | F73: Corresponde a aplicação do percentual de 40% da multa do FGTS sobre o valor do item B deste módulo. Multa do FGTS sobre o Aviso Prévio Indenizado, estando devidamente dimensionada entre o Indenizado e o Trabalhado, totalizando 4%, de acordo com a IN 05/2017 (Conta Vinculada)
A74: D | B74: Aviso Prévio Trabalhado | C74: =7/30/12 -> 0.0194 | D74: =ROUND(($D$27+$D$94)*C74,2) -> 36.55 | F74: Refere-se à indenização de sete dias corridos devida ao empregado no caso de o empregador rescindir o contrato sem justo motivo e conceder aviso prévio, conforme disposto no art. 488 da CLT. Logo a provisão representa: (((7/30)/12))x100 = 1,94%
A75: E | B75: Incidência dos encargos do submódulo 2.2 sobre o Aviso Prévio Trabalhado | C75: =C74*C49 -> 0.007 | D75: =ROUND(($D$27+$D$94)*C75,2) -> 13.19 | F75: Calculado multiplicando-se o percentual total do submódulo 2.2 ao valor do item D deste módulo.
A76: C | B76: Multa do FGTS sobre o Aviso Prévio Trabalhado | C76: 0.0335 | D76: =ROUND($D$27*C76,2) -> 63.11 | F76: Corresponde a aplicação do percentual de 40% da multa do FGTS sobre o valor do item B deste módulo. Multa do FGTS sobre o Aviso Prévio Indenizado, estando devidamente dimensionada entre o Indenizado e o Trabalhado, totalizando 4%, de acordo com a IN 05/2017 (Conta Vinculada)
A77: TOTAL | C77: =ROUND(SUM(C71:C76),4) -> 0.0709 | D77: =ROUND(SUM(D71:D76),2) -> 133.64
A79: Módulo 4 - Custo de Reposição do Profissional Ausente
A81: Submódulo 4.1 - Ausências Legais
A82: 4.1 | B82: Ausências Legais | C82: Percentual (%) | D82: Valor (R$)
A83: A | B83: Férias | C83: =1/12 -> 0.0833 | D83: =ROUND(($D$27+$D$67+$D$77)*C83,2) -> 318.33 | F83: Custo total do profissional que substituirá o empregado por 30 dias no ano, em razão de férias. De acordo com realidade da empresa.
A84: B | B84: Ausências Legais | C84: =0.05/365 -> 0.0001 | D84: =ROUND(($D$27+$D$67+$D$77)*C84,2) -> 0.38 | F84: Estimativa de 0,13 ausências por ano. De acordo com realidade da empresa. A provisão mensal obtida pelo cálculo: (0,13/365) = 0,04%
A85: C | B85: Licença Paternidade | C85: =5/30/12*0.005 -> 0.0001 | D85: =ROUND(($D$27+$D$67+$D$77)*C85,2) -> 0.38 | F85: Criada pelo art. 7º, inciso XIX da CF, combinado com o art. 10, § 1º dos Atos das Disposições Constitucionais Transitórias – ADCT - , concede ao empregado o direito de ausentar-se do serviço por cinco dias quando do nascimento de filho. De acordo com estimativa do IBGE para o ano corrente, nascem filhos de 1,3999% dos trabalhadores no período de um ano. Dessa forma a provisão para este item corresponde a: (5/30/12) x 0,01399 x 100 = 0,02%.
A86: D | B86: Ausência por acidente de trabalho | C86: =15/30/12*0.003 -> 0.0001 | D86: =ROUND(($D$27+$D$67+$D$77)*C86,2) -> 0.38 | F86: O artigo 27 do Decreto nº 89.312, de 23/01/84, obriga o empregador a assumir o ônus financeiro pelo prazo de 15 dias, no caso de acidente de trabalho previsto no art. 131 da CLT. De acordo ccom a realidade da empresa. Assim a provisão corresponde a: ((15/30)/12) x 0,0078 x 100 = 0,03%.
A87: E | B87: Licença Maternidade | C87: =0.005*(4/12)/12 -> 0.0001 | D87: =ROUND(($D$27+$D$67+$D$77)*C87,2) -> 0.38 | F87: A provisão corresponde ao período legal de meses de afastamento na licença maternidade. De acordo com estimativa do IBGE para o ano corrente, nascem filhos de 1,3999% dos trabalhadores no período de um ano. Dessa forma a provisão para este item corresponde a: (0,01399 * (4/12)/12) x 100 = 0,04%.
A88: F | B88: Auxílio Doença | C88: =0.05/365 -> 0.0001 | D88: =ROUND(($D$27+$D$67+$D$77)*C88,2) -> 0.38 | F88: Estimativa de 0,13 ocorrências por ano. De acordo com realidade da empresa. A provisão mensal obtida pelo cálculo: (0,13/365) = 0,04%
A89: G | B89: Outros (especificar) | D89: =ROUND(($D$27+$D$67+$D$77)*C89,2) -> 0 | F89: Nota 2: Os itens que contemplam o módulo 4 se referem ao custo dos dias trabalhados pelo repositor/substituto, quando o empregado alocado na prestação de serviço estiver ausente, conforme as previsões estabelecidas na legislação.
A90: TOTAL | C90: =ROUND(SUM(C83:C89),4) -> 0.0838 | D90: =ROUND(SUM(D83:D89),2) -> 320.23
A92: Submódulo 4.2 - Intrajornada
A93: 4.2 | B93: Intrajornada | C93: Percentual (%) | D93: Valor (R$)
A94: A | B94: Intervalo para repouso ou alimentação | C94: =D94/D27 -> 0 | D94: 0
A95: TOTAL | D95: =ROUND(D94,2) -> 0
A97: Quadro-Resumo do Módulo 4 - Custo de Reposição do Profissional Ausente
A98: 4 | B98: Custo de Reposição do Profissional Ausente | D98: Valor (R$)
A99: 4.1 | B99: Ausências Legais | D99: =ROUND(D90,2) -> 320.23
A100: 4.2 | B100: Intrajornada | D100: =ROUND(D95,2) -> 0
A101: TOTAL | D101: =ROUND(SUM(D99:D100),2) -> 320.23
A103: Módulo 5 - INSUMOS DIVERSOS
A104: 5 | B104: Insumos Diversos | D104: Valor (R$)
A105: A | B105: Uniformes e EPI's | D105: =VLOOKUP(A14,'Entrada de dados'!A2:N10,9,FALSE) -> 43.67
A106: B | B106: Materiais de limpeza | D106: =VLOOKUP(A14,'Entrada de dados'!A2:N10,10,FALSE) -> 0
A107: B | B107: Materiais | D107: =VLOOKUP(A14,'Entrada de dados'!A2:N10,11,FALSE) -> 0
A108: B | B108: Materiais de Higiene | D108: =VLOOKUP(A14,'Entrada de dados'!A2:N10,12,FALSE) -> 0
A109: B | B109: Equipamentos | D109: =VLOOKUP(A14,'Entrada de dados'!A2:N10,13,FALSE) -> 18.78
A110: C | B110: Veiculo | D110: =VLOOKUP(A14,'Entrada de dados'!A2:N10,14,FALSE) -> 25.67
A111: D | B111: outros | D111: 0
A112: Total de Insumos diversos | D112: =ROUND(SUM(D105:D111),2) -> 88.12
A114: MÓDULO 6 - CUSTOS INDIRETOS, TRIBUTOS E LUCRO
A115: 6 | B115: Custos Indiretos, Tributos e Lucro | C115: Percentual (%) | D115: Valor (R$)
A116: A | B116: Custos Indiretos | C116: 0.001 | D116: =D132*C116 -> 4.23
A117: B | B117: Lucro | C117: ='1'!C117 -> 0.0078 | D117: =(D132+D116)*C117 -> 33.03
A118: C | B118: Tributos
...

Sheet 6
A1: PLANILHA DE CUSTOS E FORMAÇÃO DE PREÇOS
A3: PROCESSO LICITATÓRIO Nº: 177/2025
A4: PREGÃO Nº: 1772025
A7: Discriminação dos Serviços (dados referentes à contratação)
A8: A | B8: Data da apresentação da proposta (dia/mês/ano) | D8: 45783
A9: B | B9: Município onde será executado o serviço: | D9: PARANAGUÁ/ANTONINA
A10: C | B10: Nº de Registro da Convenção Coletiva de Trabalho no MTE: | D10: =VLOOKUP(A14,'Entrada de dados'!$A$1:$N$8,2,FALSE) -> PR000074/2025
A11: D | B11: Nº de meses de execução contratual | D11: 30
A13: IDENTIFICAÇÃO DO SERVIÇO | C13: UNIDADE DE MEDIDA | D13: QTDE
A14: ='Quadro Resumo'!D9 -> SERVENTE DE LIMPEZA | C14: Posto de Serviço | D14: =VLOOKUP(A14,'Quadro Resumo'!D3:G13,4,FALSE) -> 42
A16: Carga horaria semanal | D16: 44
A17: Data base da categoria (dia / mês / ano): | D17: 45689
A19: Módulo 1: COMPOSIÇÃO DA REMUNERAÇÃO
A20: 1 | B20: Composição da Remuneração | D20: Valor (R$)
A21: A | B21: Salário Base | D21: =VLOOKUP(A14,'Entrada de dados'!A2:H8,3,FALSE)/44*'6'!D16 -> 1764 | F21: De acordo com a CCT
A22: B | B22: Adicional de periculosidade | F22: Conforme obrigatoriedade da legislação de regência.
A23: C | B23: Adicional de insalubridade | D23: 0 | F23: DEVERÁ SER UTILIZADA A PORCENTAGEM DE 20%, PARA APRESENTAÇÃO DE TODAS AS PLANILHAS.
A24: D | B24: Adicional noturno | F24: Conforme obrigatoriedade da legislação de regência.
A25: E | B25: Adicional de hora noturna reduzida | F25: Conforme obrigatoriedade da legislação de regência.
A26: F | B26: Cumulação de função | D26: 0 | F26: Conforme obrigatoriedade da legislação de regência.
A27: Total da Remuneração | D27: =SUM(D21:D26) -> 1764
A29: Módulo 2: ENCARGOS E BENEFÍCIOS ANUAIS, MENSAIS E DIÁRIOS
A31: Submódulo 2.1 - 13º (décimo terceiro) Salário, Férias e Adicional de Férias
A32: 2.1 | B32: 13º Salário, Férias e Adicional de Férias | C32: Percentual (%) | D32: Valor (R$)
A33: A | B33: 13º (décimo terceiro) Salário | C33: 0.0833 | D33: =ROUND($D$27*C33,2) -> 146.94 | F33: 1/12 (um doze avos) do total da remuneração.
A34: B | B34: Adicional de Férias | C34: 0.0278 | D34: =ROUND($D$27*C34,2) -> 49.04 | F34: Conforme previsão da IN 05/2017
A35: C | B35: Subtotal | C35: =SUM(C33:C34) -> 0.1111 | D35: =SUM(D33:D34) -> 195.98
A36: D | B36: Incidência do submódulo 2.2 sobre o submódulo 2.1 | C36: =C35*C49 -> 0.04 | D36: =ROUND($D$27*C36,2) -> 70.56
A37: TOTAL | C37: =SUM(C35:C36) -> 0.1511 | D37: =SUM(D35:D36) -> 266.54
A39: Submódulo 2.2 - Encargos Previdenciários (GPS), Fundo de Garantia por Tempo de Serviço (FGTS) e outras contribuições.
A40: 2.2 | B40: GPS, FGTS e outras contribuições | C40: Percentual (%) | D40: Valor (R$)
A41: A | B41: INSS | C41: 0.2 | D41: =ROUND($D$27*C41,2) -> 352.8 | F41: Art. 195, I, "A", Constituição Federal de 1988; art. 22, inciso I, da Lei 8.212/91
A42: B | B42: Salário Educação | C42: 0.025 | D42: =ROUND($D$27*C42,2) -> 44.1 | F42: Art. 212, § 5º da CF/88; Decreto-Lei nº 1.422/75
A43: C | B43: SAT | C43: =2%*1.0942 -> 0.0219 | D43: =ROUND($D$27*C43,2) -> 38.63 | F43: Art. 22, inciso II, da Lei nº 8.212/91 - De acordo com o percentual constante na GEFIP.
A44: D | B44: SESC ou SESI | C44: 0.015 | D44: =ROUND($D$27*C44,2) -> 26.46 | F44: Art. 30 da Lei nº 8.036/90; Decreto n.º 2.318/86
A45: E | B45: SENAI - SENAC | C45: 0.01 | D45: =ROUND($D$27*C45,2) -> 17.64 | F45: Decreto-Lei nº 2.318/86
A46: F | B46: SEBRAE | C46: 0.006 | D46: =ROUND($D$27*C46,2) -> 10.58 | F46: Art. 8º, §3º, Lei nº 8.029/90
A47: G | B47: INCRA | C47: 0.002 | D47: =ROUND($D$27*C47,2) -> 3.53 | F47: Lei nº 2.613/55; art. 1º, I, Decreto-Lei nº 1.146/70
A48: H | B48: FGTS | C48: 0.08 | D48: =ROUND($D$27*C48,2) -> 141.12 | F48: Art. 7º, Inciso III, da CF/88, c/c o art. 15, Lei nº 8.036/90
A49: TOTAL | C49: =ROUND(SUM(C41:C48),4) -> 0.3599 | D49: =ROUND(SUM(D41:D48),2) -> 634.86 | F49: Nota 1: Os percentuais dos encargos previdenciários, do FGTS e demais contribuições são aqueles estabelecidos pela legislação vigente.
A51: Submódulo 2.3 - Benefícios Mensais e Diários.
A52: 2.3 | B52: Benefícios Mensais e Diários | D52: Valor (R$) | F52: Qtde Dias
A53: A | B53: Transporte | D53: =IF(((F55*2*F53)-(D21*0.06))<0,0,((F55*2*F53)-(D21*0.06))) -> 0 | F53: 22 | H53: (conforme CCT) e legislação trabalhista.
A54: B | B54: Alimentação | D54: =F57*1*(1-F59) -> 644 | F54: Tarifa (R$) | H54: (conforme CCT) e legislação trabalhista.
A55: C | B55: Benefico Social Familiar | D55: =VLOOKUP(A14,'Entrada de dados'!A2:H8,5,FALSE) -> 28 | F55: 0 | H55: Conforme decreto municipal
A56: D | B56: Fundo de Formação Profissional | D56: =VLOOKUP(A14,'Entrada de dados'!A2:H8,6,FALSE) -> 28 | F56: V.A. (R$) | H56: (conforme CCT) e legislação trabalhista.
A57: E | B57: Beneficio assistencia Medica | D57: =VLOOKUP(A14,'Entrada de dados'!A2:H8,7,FALSE) -> 87.5 | F57: =VLOOKUP(A14,'Entrada de dados'!A2:H8,4,FALSE) -> 805 | H57: (conforme CCT) e legislação trabalhista.
A58: F | B58: Vale alimentação nas férias | D58: =VLOOKUP(A14,'Entrada de dados'!A2:H8,8,FALSE)*0.8 -> 53.66 | F58: % PAT | H58: (conforme CCT) e legislação trabalhista.
A59: G | B59: Seguro de vida | D59: 0 | F59: 0.2 | H59: (conforme CCT) e legislação trabalhista.
A60: Total dos Benefícios Mensais e Diários | D60: =ROUND(SUM(D53:D59),2) -> 841.16
A62: Quadro-Resumo do Módulo 2 - Encargos e Benefícios anuais, mensais e diários
A63: 2 | B63: Encargos e Benefícios Anuais, Mensais e Diários | D63: Valor (R$)
A64: 2.1 | B64: 13º (décimo terceiro) Salário, Férias e Adicional de Férias | D64: =ROUND(D37,2) -> 266.54
A65: 2.2 | B65: GPS, FGTS e outras contribuições | D65: =ROUND(D49,2) -> 634.86
A66: 2.3 | B66: Benefícios Mensais e Diários | D66: =ROUND(D60,2) -> 841.16
A67: TOTAL | D67: =ROUND(SUM(D64:D66),2) -> 1742.56
A69: Módulo 3 - Provisão para Rescisão
A70: 3 | B70: Provisão para Rescisão | C70: Percentual (%) | D70: Valor (R$)
A71: A | B71: Aviso Prévio Indenizado | C71: =1/12*0.05 -> 0.0042 | D71: =ROUND(($D$27+$D$94)*C71,2) -> 7.41 | F71: Trata-se de valor devido ao empregado no caso de o empregador rescindir o contrato sem justo motivo e sem lhe conceder aviso prévio, conforme disposto no § 1º do art. 487 da CLT. De acordo com levantamento efetuado em diversos contratos, cerca de 5% do pessoal é demitido pelo empregador, antes do término do contrato de trabalho. Cálculo ((1/12)x 0,05) x 100 = 0,42%
A72: B | B72: Incidência do FGTS sobre o Aviso Prévio Indenizado | C72: =C71*C48 -> 0.000336 | D72: =ROUND(($D$27+$D$94)*C72,2) -> 0.59 | F72: É a aplicação de 8% sobre o valor obtido no item A deste Módulo
A73: C | B73: Multa do FGTS sobre o Aviso Prévio Indenizado | C73: 0.0065 | D73: =ROUND($D$27*C73,2) -> 11.47 | F73: Corresponde a aplicação do percentual de 40% da multa do FGTS sobre o valor do item B deste módulo. Multa do FGTS sobre o Aviso Prévio Indenizado, estando devidamente dimensionada entre o Indenizado e o Trabalhado, totalizando 4%, de acordo com a IN 05/2017 (Conta Vinculada)
A74: D | B74: Aviso Prévio Trabalhado | C74: =7/30/12 -> 0.0194 | D74: =ROUND(($D$27+$D$94)*C74,2) -> 34.22 | F74: Refere-se à indenização de sete dias corridos devida ao empregado no caso de o empregador rescindir o contrato sem justo motivo e conceder aviso prévio, conforme disposto no art. 488 da CLT. Logo a provisão representa: (((7/30)/12))x100 = 1,94%
A75: E | B75: Incidência dos encargos do submódulo 2.2 sobre o Aviso Prévio Trabalhado | C75: =C74*C49 -> 0.007 | D75: =ROUND(($D$27+$D$94)*C75,2) -> 12.35 | F75: Calculado multiplicando-se o percentual total do submódulo 2.2 ao valor do item D deste módulo.
A76: C | B76: Multa do FGTS sobre o Aviso Prévio Trabalhado | C76: 0.0335 | D76: =ROUND($D$27*C76,2) -> 59.09 | F76: Corresponde a aplicação do percentual de 40% da multa do FGTS sobre o valor do item B deste módulo. Multa do FGTS sobre o Aviso Prévio Indenizado, estando devidamente dimensionada entre o Indenizado e o Trabalhado, totalizando 4%, de acordo com a IN 05/2017 (Conta Vinculada)
A77: TOTAL | C77: =ROUND(SUM(C71:C76),4) -> 0.0709 | D77: =ROUND(SUM(D71:D76),2) -> 125.13
A79: Módulo 4 - Custo de Reposição do Profissional Ausente
A81: Submódulo 4.1 - Ausências Legais
A82: 4.1 | B82: Ausências Legais | C82: Percentual (%) | D82: Valor (R$)
A83: A | B83: Férias | C83: =1/12 -> 0.0833 | D83: =ROUND(($D$27+$D$67+$D$77)*C83,2) -> 302.52 | F83: Custo total do profissional que substituirá o empregado por 30 dias no ano, em razão de férias. De acordo com realidade da empresa.
A84: B | B84: Ausências Legais | C84: =0.05/365 -> 0.0001 | D84: =ROUND(($D$27+$D$67+$D$77)*C84,2) -> 0.36 | F84: Estimativa de 0,13 ausências por ano. De acordo com realidade da empresa. A provisão mensal obtida pelo cálculo: (0,13/365) = 0,04%
A85: C | B85: Licença Paternidade | C85: =5/30/12*0.005 -> 0.0001 | D85: =ROUND(($D$27+$D$67+$D$77)*C85,2) -> 0.36 | F85: Criada pelo art. 7º, inciso XIX da CF, combinado com o art. 10, § 1º dos Atos das Disposições Constitucionais Transitórias – ADCT - , concede ao empregado o direito de ausentar-se do serviço por cinco dias quando do nascimento de filho. De acordo com estimativa do IBGE para o ano corrente, nascem filhos de 1,3999% dos trabalhadores no período de um ano. Dessa forma a provisão para este item corresponde a: (5/30/12) x 0,01399 x 100 = 0,02%.
A86: D | B86: Ausência por acidente de trabalho | C86: =15/30/12*0.003 -> 0.0001 | D86: =ROUND(($D$27+$D$67+$D$77)*C86,2) -> 0.36 | F86: O artigo 27 do Decreto nº 89.312, de 23/01/84, obriga o empregador a assumir o ônus financeiro pelo prazo de 15 dias, no caso de acidente de trabalho previsto no art. 131 da CLT. De acordo ccom a realidade da empresa. Assim a provisão corresponde a: ((15/30)/12) x 0,0078 x 100 = 0,03%.
A87: E | B87: Licença Maternidade | C87: =0.005*(4/12)/12 -> 0.0001 | D87: =ROUND(($D$27+$D$67+$D$77)*C87,2) -> 0.36 | F87: A provisão corresponde ao período legal de meses de afastamento na licença maternidade. De acordo com estimativa do IBGE para o ano corrente, nascem filhos de 1,3999% dos trabalhadores no período de um ano. Dessa forma a provisão para este item corresponde a: (0,01399 * (4/12)/12) x 100 = 0,04%.
A88: F | B88: Auxílio Doença | C88: =0.05/365 -> 0.0001 | D88: =ROUND(($D$27+$D$67+$D$77)*C88,2) -> 0.36 | F88: Estimativa de 0,13 ocorrências por ano. De acordo com realidade da empresa. A provisão mensal obtida pelo cálculo: (0,13/365) = 0,04%
A89: G | B89: Outros (especificar) | D89: =ROUND(($D$27+$D$67+$D$77)*C89,2) -> 0 | F89: Nota 2: Os itens que contemplam o módulo 4 se referem ao custo dos dias trabalhados pelo repositor/substituto, quando o empregado alocado na prestação de serviço estiver ausente, conforme as previsões estabelecidas na legislação.
A90: TOTAL | C90: =ROUND(SUM(C83:C89),4) -> 0.0838 | D90: =ROUND(SUM(D83:D89),2) -> 304.32
A92: Submódulo 4.2 - Intrajornada
A93: 4.2 | B93: Intrajornada | C93: Percentual (%) | D93: Valor (R$)
A94: A | B94: Intervalo para repouso ou alimentação | C94: =D94/D27 -> 0 | D94: 0
A95: TOTAL | D95: =ROUND(D94,2) -> 0
A97: Quadro-Resumo do Módulo 4 - Custo de Reposição do Profissional Ausente
A98: 4 | B98: Custo de Reposição do Profissional Ausente | D98: Valor (R$)
A99: 4.1 | B99: Ausências Legais | D99: =ROUND(D90,2) -> 304.32
A100: 4.2 | B100: Intrajornada | D100: =ROUND(D95,2) -> 0
A101: TOTAL | D101: =ROUND(SUM(D99:D100),2) -> 304.32
A103: Módulo 5 - INSUMOS DIVERSOS
A104: 5 | B104: Insumos Diversos | D104: Valor (R$)
A105: A | B105: Uniformes e EPI's | D105: =VLOOKUP(A14,'Entrada de dados'!A2:N10,9,FALSE) -> 19.16
A106: B | B106: Materiais de limpeza | D106: =VLOOKUP(A14,'Entrada de dados'!A2:N10,10,FALSE) -> 198.91
A107: B | B107: Materiais | D107: =VLOOKUP(A14,'Entrada de dados'!A2:N10,11,FALSE) -> 7.08
A108: B | B108: Materiais de Higiene | D108: =VLOOKUP(A14,'Entrada de dados'!A2:N10,12,FALSE) -> 205.86
A109: B | B109: Equipamentos | D109: =VLOOKUP(A14,'Entrada de dados'!A2:N10,13,FALSE) -> 18.78
A110: C | B110: Veiculo | D110: =VLOOKUP(A14,'Entrada de dados'!A2:N10,14,FALSE) -> 25.67
A111: D | B111: outros | D111: 0
A112: Total de Insumos diversos | D112: =ROUND(SUM(D105:D111),2) -> 475.46
A114: MÓDULO 6 - CUSTOS INDIRETOS, TRIBUTOS E LUCRO
A115: 6 | B115: Custos Indiretos, Tributos e Lucro | C115: Percentual (%) | D115: Valor (R$)
A116: A | B116: Custos Indiretos | C116: 0.001 | D116: =D132*C116 -> 4.41
A117: B | B117: Lucro | C117: ='1'!C117 -> 0.0078 | D117: =(D132+D116)*C117 -> 34.44
A118: C | B118: Tributos
...

Sheet 7
A1: PLANILHA DE CUSTOS E FORMAÇÃO DE PREÇOS
A3: PROCESSO LICITATÓRIO Nº: 177/2025
A4: PREGÃO Nº: 1772025
A7: Discriminação dos Serviços (dados referentes à contratação)
A8: A | B8: Data da apresentação da proposta (dia/mês/ano) | D8: 45783
A9: B | B9: Município onde será executado o serviço: | D9: PARANAGUÁ/ANTONINA
A10: C | B10: Nº de Registro da Convenção Coletiva de Trabalho no MTE: | D10: =VLOOKUP(A14,'Entrada de dados'!$A$1:$N$8,2,FALSE) -> PR000074/2025
A11: D | B11: Nº de meses de execução contratual | D11: 30
A13: IDENTIFICAÇÃO DO SERVIÇO | C13: UNIDADE DE MEDIDA | D13: QTDE
A14: ='Quadro Resumo'!D9 -> SERVENTE DE LIMPEZA | C14: Posto de Serviço | D14: =VLOOKUP(A14,'Quadro Resumo'!D3:G13,4,FALSE) -> 42
A16: Carga horaria semanal | D16: 44
A17: Data base da categoria (dia / mês / ano): | D17: 45689
A19: Módulo 1: COMPOSIÇÃO DA REMUNERAÇÃO
A20: 1 | B20: Composição da Remuneração | D20: Valor (R$)
A21: A | B21: Salário Base | D21: =VLOOKUP(A14,'Entrada de dados'!A2:H8,3,FALSE)/44*'7'!D16 -> 1764 | F21: De acordo com a CCT
A22: B | B22: Adicional de periculosidade | F22: Conforme obrigatoriedade da legislação de regência.
A23: C | B23: Adicional de insalubridade | D23: 0 | F23: DEVERÁ SER UTILIZADA A PORCENTAGEM DE 20%, PARA APRESENTAÇÃO DE TODAS AS PLANILHAS.
A24: D | B24: Adicional noturno | F24: Conforme obrigatoriedade da legislação de regência.
A25: E | B25: Adicional de hora noturna reduzida | F25: Conforme obrigatoriedade da legislação de regência.
A26: F | B26: Cumulação de função | D26: 0 | F26: Conforme obrigatoriedade da legislação de regência.
A27: Total da Remuneração | D27: =SUM(D21:D26) -> 1764
A29: Módulo 2: ENCARGOS E BENEFÍCIOS ANUAIS, MENSAIS E DIÁRIOS
A31: Submódulo 2.1 - 13º (décimo terceiro) Salário, Férias e Adicional de Férias
A32: 2.1 | B32: 13º Salário, Férias e Adicional de Férias | C32: Percentual (%) | D32: Valor (R$)
A33: A | B33: 13º (décimo terceiro) Salário | C33: 0.0833 | D33: =ROUND($D$27*C33,2) -> 146.94 | F33: 1/12 (um doze avos) do total da remuneração.
A34: B | B34: Adicional de Férias | C34: 0.0278 | D34: =ROUND($D$27*C34,2) -> 49.04 | F34: Conforme previsão da IN 05/2017
A35: C | B35: Subtotal | C35: =SUM(C33:C34) -> 0.1111 | D35: =SUM(D33:D34) -> 195.98
A36: D | B36: Incidência do submódulo 2.2 sobre o submódulo 2.1 | C36: =C35*C49 -> 0.04 | D36: =ROUND($D$27*C36,2) -> 70.56
A37: TOTAL | C37: =SUM(C35:C36) -> 0.1511 | D37: =SUM(D35:D36) -> 266.54
A39: Submódulo 2.2 - Encargos Previdenciários (GPS), Fundo de Garantia por Tempo de Serviço (FGTS) e outras contribuições.
A40: 2.2 | B40: GPS, FGTS e outras contribuições | C40: Percentual (%) | D40: Valor (R$)
A41: A | B41: INSS | C41: 0.2 | D41: =ROUND($D$27*C41,2) -> 352.8 | F41: Art. 195, I, "A", Constituição Federal de 1988; art. 22, inciso I, da Lei 8.212/91
A42: B | B42: Salário Educação | C42: 0.025 | D42: =ROUND($D$27*C42,2) -> 44.1 | F42: Art. 212, § 5º da CF/88; Decreto-Lei nº 1.422/75
A43: C | B43: SAT | C43: =2%*1.0942 -> 0.0219 | D43: =ROUND($D$27*C43,2) -> 38.63 | F43: Art. 22, inciso II, da Lei nº 8.212/91 - De acordo com o percentual constante na GEFIP.
A44: D | B44: SESC ou SESI | C44: 0.015 | D44: =ROUND($D$27*C44,2) -> 26.46 | F44: Art. 30 da Lei nº 8.036/90; Decreto n.º 2.318/86
A45: E | B45: SENAI - SENAC | C45: 0.01 | D45: =ROUND($D$27*C45,2) -> 17.64 | F45: Decreto-Lei nº 2.318/86
A46: F | B46: SEBRAE | C46: 0.006 | D46: =ROUND($D$27*C46,2) -> 10.58 | F46: Art. 8º, §3º, Lei nº 8.029/90
A47: G | B47: INCRA | C47: 0.002 | D47: =ROUND($D$27*C47,2) -> 3.53 | F47: Lei nº 2.613/55; art. 1º, I, Decreto-Lei nº 1.146/70
A48: H | B48: FGTS | C48: 0.08 | D48: =ROUND($D$27*C48,2) -> 141.12 | F48: Art. 7º, Inciso III, da CF/88, c/c o art. 15, Lei nº 8.036/90
A49: TOTAL | C49: =ROUND(SUM(C41:C48),4) -> 0.3599 | D49: =ROUND(SUM(D41:D48),2) -> 634.86 | F49: Nota 1: Os percentuais dos encargos previdenciários, do FGTS e demais contribuições são aqueles estabelecidos pela legislação vigente.
A51: Submódulo 2.3 - Benefícios Mensais e Diários.
A52: 2.3 | B52: Benefícios Mensais e Diários | D52: Valor (R$) | F52: Qtde Dias
A53: A | B53: Transporte | D53: =IF(((F55*2*F53)-(D21*0.06))<0,0,((F55*2*F53)-(D21*0.06))) -> 0 | F53: 15 | H53: (conforme CCT) e legislação trabalhista.
A54: B | B54: Alimentação | D54: =F57*1*(1-F59) -> 644 | F54: Tarifa (R$) | H54: (conforme CCT) e legislação trabalhista.
A55: C | B55: Benefico Social Familiar | D55: =VLOOKUP(A14,'Entrada de dados'!A2:H8,5,FALSE) -> 28 | F55: 0 | H55: Conforme decreto municipal
A56: D | B56: Fundo de Formação Profissional | D56: =VLOOKUP(A14,'Entrada de dados'!A2:H8,6,FALSE) -> 28 | F56: V.A. (R$) | H56: (conforme CCT) e legislação trabalhista.
A57: E | B57: Beneficio assistencia Medica | D57: =VLOOKUP(A14,'Entrada de dados'!A2:H8,7,FALSE) -> 87.5 | F57: =VLOOKUP(A14,'Entrada de dados'!A2:H8,4,FALSE) -> 805 | H57: (conforme CCT) e legislação trabalhista.
A58: F | B58: Vale alimentação nas férias | D58: =VLOOKUP(A14,'Entrada de dados'!A2:H8,8,FALSE)*0.8 -> 53.66 | F58: % PAT | H58: (conforme CCT) e legislação trabalhista.
A59: G | B59: Seguro de vida | D59: 0 | F59: 0.2 | H59: (conforme CCT) e legislação trabalhista.
A60: Total dos Benefícios Mensais e Diários | D60: =ROUND(SUM(D53:D59),2) -> 841.16
A62: Quadro-Resumo do Módulo 2 - Encargos e Benefícios anuais, mensais e diários
A63: 2 | B63: Encargos e Benefícios Anuais, Mensais e Diários | D63: Valor (R$)
A64: 2.1 | B64: 13º (décimo terceiro) Salário, Férias e Adicional de Férias | D64: =ROUND(D37,2) -> 266.54
A65: 2.2 | B65: GPS, FGTS e outras contribuições | D65: =ROUND(D49,2) -> 634.86
A66: 2.3 | B66: Benefícios Mensais e Diários | D66: =ROUND(D60,2) -> 841.16
A67: TOTAL | D67: =ROUND(SUM(D64:D66),2) -> 1742.56
A69: Módulo 3 - Provisão para Rescisão
A70: 3 | B70: Provisão para Rescisão | C70: Percentual (%) | D70: Valor (R$)
A71: A | B71: Aviso Prévio Indenizado | C71: =1/12*0.05 -> 0.0042 | D71: =ROUND(($D$27+$D$94)*C71,2) -> 8.17 | F71: Trata-se de valor devido ao empregado no caso de o empregador rescindir o contrato sem justo motivo e sem lhe conceder aviso prévio, conforme disposto no § 1º do art. 487 da CLT. De acordo com levantamento efetuado em diversos contratos, cerca de 5% do pessoal é demitido pelo empregador, antes do término do contrato de trabalho. Cálculo ((1/12)x 0,05) x 100 = 0,42%
A72: B | B72: Incidência do FGTS sobre o Aviso Prévio Indenizado | C72: =C71*C48 -> 0.000336 | D72: =ROUND(($D$27+$D$94)*C72,2) -> 0.65 | F72: É a aplicação de 8% sobre o valor obtido no item A deste Módulo
A73: C | B73: Multa do FGTS sobre o Aviso Prévio Indenizado | C73: 0.0065 | D73: =ROUND($D$27*C73,2) -> 11.47 | F73: Corresponde a aplicação do percentual de 40% da multa do FGTS sobre o valor do item B deste módulo. Multa do FGTS sobre o Aviso Prévio Indenizado, estando devidamente dimensionada entre o Indenizado e o Trabalhado, totalizando 4%, de acordo com a IN 05/2017 (Conta Vinculada)
A74: D | B74: Aviso Prévio Trabalhado | C74: =7/30/12 -> 0.0194 | D74: =ROUND(($D$27+$D$94)*C74,2) -> 37.72 | F74: Refere-se à indenização de sete dias corridos devida ao empregado no caso de o empregador rescindir o contrato sem justo motivo e conceder aviso prévio, conforme disposto no art. 488 da CLT. Logo a provisão representa: (((7/30)/12))x100 = 1,94%
A75: E | B75: Incidência dos encargos do submódulo 2.2 sobre o Aviso Prévio Trabalhado | C75: =C74*C49 -> 0.007 | D75: =ROUND(($D$27+$D$94)*C75,2) -> 13.61 | F75: Calculado multiplicando-se o percentual total do submódulo 2.2 ao valor do item D deste módulo.
A76: C | B76: Multa do FGTS sobre o Aviso Prévio Trabalhado | C76: 0.0335 | D76: =ROUND($D$27*C76,2) -> 59.09 | F76: Corresponde a aplicação do percentual de 40% da multa do FGTS sobre o valor do item B deste módulo. Multa do FGTS sobre o Aviso Prévio Indenizado, estando devidamente dimensionada entre o Indenizado e o Trabalhado, totalizando 4%, de acordo com a IN 05/2017 (Conta Vinculada)
A77: TOTAL | C77: =ROUND(SUM(C71:C76),4) -> 0.0709 | D77: =ROUND(SUM(D71:D76),2) -> 130.71
A79: Módulo 4 - Custo de Reposição do Profissional Ausente
A81: Submódulo 4.1 - Ausências Legais
A82: 4.1 | B82: Ausências Legais | C82: Percentual (%) | D82: Valor (R$)
A83: A | B83: Férias | C83: =1/12 -> 0.0833 | D83: =ROUND(($D$27+$D$67+$D$77)*C83,2) -> 302.98 | F83: Custo total do profissional que substituirá o empregado por 30 dias no ano, em razão de férias. De acordo com realidade da empresa.
A84: B | B84: Ausências Legais | C84: =0.05/365 -> 0.0001 | D84: =ROUND(($D$27+$D$67+$D$77)*C84,2) -> 0.36 | F84: Estimativa de 0,13 ausências por ano. De acordo com realidade da empresa. A provisão mensal obtida pelo cálculo: (0,13/365) = 0,04%
A85: C | B85: Licença Paternidade | C85: =5/30/12*0.005 -> 0.0001 | D85: =ROUND(($D$27+$D$67+$D$77)*C85,2) -> 0.36 | F85: Criada pelo art. 7º, inciso XIX da CF, combinado com o art. 10, § 1º dos Atos das Disposições Constitucionais Transitórias – ADCT - , concede ao empregado o direito de ausentar-se do serviço por cinco dias quando do nascimento de filho. De acordo com estimativa do IBGE para o ano corrente, nascem filhos de 1,3999% dos trabalhadores no período de um ano. Dessa forma a provisão para este item corresponde a: (5/30/12) x 0,01399 x 100 = 0,02%.
A86: D | B86: Ausência por acidente de trabalho | C86: =15/30/12*0.003 -> 0.0001 | D86: =ROUND(($D$27+$D$67+$D$77)*C86,2) -> 0.36 | F86: O artigo 27 do Decreto nº 89.312, de 23/01/84, obriga o empregador a assumir o ônus financeiro pelo prazo de 15 dias, no caso de acidente de trabalho previsto no art. 131 da CLT. De acordo ccom a realidade da empresa. Assim a provisão corresponde a: ((15/30)/12) x 0,0078 x 100 = 0,03%.
A87: E | B87: Licença Maternidade | C87: =0.005*(4/12)/12 -> 0.0001 | D87: =ROUND(($D$27+$D$67+$D$77)*C87,2) -> 0.36 | F87: A provisão corresponde ao período legal de meses de afastamento na licença maternidade. De acordo com estimativa do IBGE para o ano corrente, nascem filhos de 1,3999% dos trabalhadores no período de um ano. Dessa forma a provisão para este item corresponde a: (0,01399 * (4/12)/12) x 100 = 0,04%.
A88: F | B88: Auxílio Doença | C88: =0.05/365 -> 0.0001 | D88: =ROUND(($D$27+$D$67+$D$77)*C88,2) -> 0.36 | F88: Estimativa de 0,13 ocorrências por ano. De acordo com realidade da empresa. A provisão mensal obtida pelo cálculo: (0,13/365) = 0,04%
A89: G | B89: Outros (especificar) | D89: =ROUND(($D$27+$D$67+$D$77)*C89,2) -> 0 | F89: Nota 2: Os itens que contemplam o módulo 4 se referem ao custo dos dias trabalhados pelo repositor/substituto, quando o empregado alocado na prestação de serviço estiver ausente, conforme as previsões estabelecidas na legislação.
A90: TOTAL | C90: =ROUND(SUM(C83:C89),4) -> 0.0838 | D90: =ROUND(SUM(D83:D89),2) -> 304.78
A92: Submódulo 4.2 - Intrajornada
A93: 4.2 | B93: Intrajornada | C93: Percentual (%) | D93: Valor (R$)
A94: A | B94: Intervalo para repouso ou alimentação | C94: =D94/D27 -> 0.1023 | D94: =D27/220*1.5*1*15 -> 180.41
A95: TOTAL | D95: =ROUND(D94,2) -> 180.41
A97: Quadro-Resumo do Módulo 4 - Custo de Reposição do Profissional Ausente
A98: 4 | B98: Custo de Reposição do Profissional Ausente | D98: Valor (R$)
A99: 4.1 | B99: Ausências Legais | D99: =ROUND(D90,2) -> 304.78
A100: 4.2 | B100: Intrajornada | D100: =ROUND(D95,2) -> 180.41
A101: TOTAL | D101: =ROUND(SUM(D99:D100),2) -> 485.19
A103: Módulo 5 - INSUMOS DIVERSOS
A104: 5 | B104: Insumos Diversos | D104: Valor (R$)
A105: A | B105: Uniformes e EPI's | D105: =VLOOKUP(A14,'Entrada de dados'!A2:N10,9,FALSE) -> 19.16
A106: B | B106: Materiais de limpeza | D106: =VLOOKUP(A14,'Entrada de dados'!A2:N10,10,FALSE) -> 198.91
A107: B | B107: Materiais | D107: =VLOOKUP(A14,'Entrada de dados'!A2:N10,11,FALSE) -> 7.08
A108: B | B108: Materiais de Higiene | D108: =VLOOKUP(A14,'Entrada de dados'!A2:N10,12,FALSE) -> 205.86
A109: B | B109: Equipamentos | D109: =VLOOKUP(A14,'Entrada de dados'!A2:N10,13,FALSE) -> 18.78
A110: C | B110: Veiculo | D110: =VLOOKUP(A14,'Entrada de dados'!A2:N10,14,FALSE) -> 25.67
A111: D | B111: outros | D111: 0
A112: Total de Insumos diversos | D112: =ROUND(SUM(D105:D111),2) -> 475.46
A114: MÓDULO 6 - CUSTOS INDIRETOS, TRIBUTOS E LUCRO
A115: 6 | B115: Custos Indiretos, Tributos e Lucro | C115: Percentual (%) | D115: Valor (R$)
A116: A | B116: Custos Indiretos | C116: 0.001 | D116: =D132*C116 -> 4.6
A117: B | B117: Lucro | C117: ='1'!C117 -> 0.0078 | D117: =(D132+D116)*C117 -> 35.9
A118: C | B118: Tributos
...

Sheet 8
A1: PLANILHA DE CUSTOS E FORMAÇÃO DE PREÇOS
A3: PROCESSO LICITATÓRIO Nº: 177/2025
A4: PREGÃO Nº: 1772025
A7: Discriminação dos Serviços (dados referentes à contratação)
A8: A | B8: Data da apresentação da proposta (dia/mês/ano) | D8: 45783
A9: B | B9: Município onde será executado o serviço: | D9: PARANAGUÁ/ANTONINA
A10: C | B10: Nº de Registro da Convenção Coletiva de Trabalho no MTE: | D10: =VLOOKUP(A14,'Entrada de dados'!$A$1:$N$8,2,FALSE) -> PR000074/2025
A11: D | B11: Nº de meses de execução contratual | D11: 30
A13: IDENTIFICAÇÃO DO SERVIÇO | C13: UNIDADE DE MEDIDA | D13: QTDE
A14: ='Quadro Resumo'!D9 -> SERVENTE DE LIMPEZA | C14: Posto de Serviço | D14: =VLOOKUP(A14,'Quadro Resumo'!D3:G13,4,FALSE) -> 42
A16: Carga horaria semanal | D16: 44
A17: Data base da categoria (dia / mês / ano): | D17: 45689
A19: Módulo 1: COMPOSIÇÃO DA REMUNERAÇÃO
A20: 1 | B20: Composição da Remuneração | D20: Valor (R$)
A21: A | B21: Salário Base | D21: =VLOOKUP(A14,'Entrada de dados'!A2:H8,3,FALSE)/44*'8'!D16 -> 1764 | F21: De acordo com a CCT
A22: B | B22: Adicional de periculosidade | F22: Conforme obrigatoriedade da legislação de regência.
A23: C | B23: Adicional de insalubridade | D23: 0 | F23: DEVERÁ SER UTILIZADA A PORCENTAGEM DE 20%, PARA APRESENTAÇÃO DE TODAS AS PLANILHAS.
A24: D | B24: Adicional noturno | D24: =D21/220*0.2*7*15 -> 168.38 | F24: Conforme obrigatoriedade da legislação de regência.
A25: E | B25: Adicional de hora noturna reduzida | D25: =D21/220*1.2*(((7*15)/52.5)*60-(7*15)) -> 144.33 | F25: Conforme obrigatoriedade da legislação de regência.
A26: F | B26: Cumulação de função | D26: 0 | F26: Conforme obrigatoriedade da legislação de regência.
A27: Total da Remuneração | D27: =SUM(D21:D26) -> 2076.71
A29: Módulo 2: ENCARGOS E BENEFÍCIOS ANUAIS, MENSAIS E DIÁRIOS
A31: Submódulo 2.1 - 13º (décimo terceiro) Salário, Férias e Adicional de Férias
A32: 2.1 | B32: 13º Salário, Férias e Adicional de Férias | C32: Percentual (%) | D32: Valor (R$)
A33: A | B33: 13º (décimo terceiro) Salário | C33: 0.0833 | D33: =ROUND($D$27*C33,2) -> 172.99 | F33: 1/12 (um doze avos) do total da remuneração.
A34: B | B34: Adicional de Férias | C34: 0.0278 | D34: =ROUND($D$27*C34,2) -> 57.73 | F34: Conforme previsão da IN 05/2017
A35: C | B35: Subtotal | C35: =SUM(C33:C34) -> 0.1111 | D35: =SUM(D33:D34) -> 230.72
A36: D | B36: Incidência do submódulo 2.2 sobre o submódulo 2.1 | C36: =C35*C49 -> 0.04 | D36: =ROUND($D$27*C36,2) -> 83.07
A37: TOTAL | C37: =SUM(C35:C36) -> 0.1511 | D37: =SUM(D35:D36) -> 313.79
A39: Submódulo 2.2 - Encargos Previdenciários (GPS), Fundo de Garantia por Tempo de Serviço (FGTS) e outras contribuições.
A40: 2.2 | B40: GPS, FGTS e outras contribuições | C40: Percentual (%) | D40: Valor (R$)
A41: A | B41: INSS | C41: 0.2 | D41: =ROUND($D$27*C41,2) -> 415.34 | F41: Art. 195, I, "A", Constituição Federal de 1988; art. 22, inciso I, da Lei 8.212/91
A42: B | B42: Salário Educação | C42: 0.025 | D42: =ROUND($D$27*C42,2) -> 51.92 | F42: Art. 212, § 5º da CF/88; Decreto-Lei nº 1.422/75
A43: C | B43: SAT | C43: =2%*1.0942 -> 0.0219 | D43: =ROUND($D$27*C43,2) -> 45.48 | F43: Art. 22, inciso II, da Lei nº 8.212/91 - De acordo com o percentual constante na GEFIP.
A44: D | B44: SESC ou SESI | C44: 0.015 | D44: =ROUND($D$27*C44,2) -> 31.15 | F44: Art. 30 da Lei nº 8.036/90; Decreto n.º 2.318/86
A45: E | B45: SENAI - SENAC | C45: 0.01 | D45: =ROUND($D$27*C45,2) -> 20.77 | F45: Decreto-Lei nº 2.318/86
A46: F | B46: SEBRAE | C46: 0.006 | D46: =ROUND($D$27*C46,2) -> 12.46 | F46: Art. 8º, §3º, Lei nº 8.029/90
A47: G | B47: INCRA | C47: 0.002 | D47: =ROUND($D$27*C47,2) -> 4.15 | F47: Lei nº 2.613/55; art. 1º, I, Decreto-Lei nº 1.146/70
A48: H | B48: FGTS | C48: 0.08 | D48: =ROUND($D$27*C48,2) -> 166.14 | F48: Art. 7º, Inciso III, da CF/88, c/c o art. 15, Lei nº 8.036/90
A49: TOTAL | C49: =ROUND(SUM(C41:C48),4) -> 0.3599 | D49: =ROUND(SUM(D41:D48),2) -> 747.41 | F49: Nota 1: Os percentuais dos encargos previdenciários, do FGTS e demais contribuições são aqueles estabelecidos pela legislação vigente.
A51: Submódulo 2.3 - Benefícios Mensais e Diários.
A52: 2.3 | B52: Benefícios Mensais e Diários | D52: Valor (R$) | F52: Qtde Dias
A53: A | B53: Transporte | D53: =IF(((F55*2*F53)-(D21*0.06))<0,0,((F55*2*F53)-(D21*0.06))) -> 0 | F53: 15 | H53: (conforme CCT) e legislação trabalhista.
A54: B | B54: Alimentação | D54: =F57*1*(1-F59) -> 644 | F54: Tarifa (R$) | H54: (conforme CCT) e legislação trabalhista.
A55: C | B55: Benefico Social Familiar | D55: =VLOOKUP(A14,'Entrada de dados'!A2:H8,5,FALSE) -> 28 | F55: 0 | H55: Conforme decreto municipal
A56: D | B56: Fundo de Formação Profissional | D56: =VLOOKUP(A14,'Entrada de dados'!A2:H8,6,FALSE) -> 28 | F56: V.A. (R$) | H56: (conforme CCT) e legislação trabalhista.
A57: E | B57: Beneficio assistencia Medica | D57: =VLOOKUP(A14,'Entrada de dados'!A2:H8,7,FALSE) -> 87.5 | F57: =VLOOKUP(A14,'Entrada de dados'!A2:H8,4,FALSE) -> 805 | H57: (conforme CCT) e legislação trabalhista.
A58: F | B58: Vale alimentação nas férias | D58: =VLOOKUP(A14,'Entrada de dados'!A2:H8,8,FALSE)*0.8 -> 53.66 | F58: % PAT | H58: (conforme CCT) e legislação trabalhista.
A59: G | B59: Seguro de vida | D59: 0 | F59: 0.2 | H59: (conforme CCT) e legislação trabalhista.
A60: Total dos Benefícios Mensais e Diários | D60: =ROUND(SUM(D53:D59),2) -> 841.16
A62: Quadro-Resumo do Módulo 2 - Encargos e Benefícios anuais, mensais e diários
A63: 2 | B63: Encargos e Benefícios Anuais, Mensais e Diários | D63: Valor (R$)
A64: 2.1 | B64: 13º (décimo terceiro) Salário, Férias e Adicional de Férias | D64: =ROUND(D37,2) -> 313.79
A65: 2.2 | B65: GPS, FGTS e outras contribuições | D65: =ROUND(D49,2) -> 747.41
A66: 2.3 | B66: Benefícios Mensais e Diários | D66: =ROUND(D60,2) -> 841.16
A67: TOTAL | D67: =ROUND(SUM(D64:D66),2) -> 1902.36
A69: Módulo 3 - Provisão para Rescisão
A70: 3 | B70: Provisão para Rescisão | C70: Percentual (%) | D70: Valor (R$)
A71: A | B71: Aviso Prévio Indenizado | C71: =1/12*0.05 -> 0.0042 | D71: =ROUND(($D$27+$D$94)*C71,2) -> 9.61 | F71: Trata-se de valor devido ao empregado no caso de o empregador rescindir o contrato sem justo motivo e sem lhe conceder aviso prévio, conforme disposto no § 1º do art. 487 da CLT. De acordo com levantamento efetuado em diversos contratos, cerca de 5% do pessoal é demitido pelo empregador, antes do término do contrato de trabalho. Cálculo ((1/12)x 0,05) x 100 = 0,42%
A72: B | B72: Incidência do FGTS sobre o Aviso Prévio Indenizado | C72: =C71*C48 -> 0.000336 | D72: =ROUND(($D$27+$D$94)*C72,2) -> 0.77 | F72: É a aplicação de 8% sobre o valor obtido no item A deste Módulo
A73: C | B73: Multa do FGTS sobre o Aviso Prévio Indenizado | C73: 0.0065 | D73: =ROUND($D$27*C73,2) -> 13.5 | F73: Corresponde a aplicação do percentual de 40% da multa do FGTS sobre o valor do item B deste módulo. Multa do FGTS sobre o Aviso Prévio Indenizado, estando devidamente dimensionada entre o Indenizado e o Trabalhado, totalizando 4%, de acordo com a IN 05/2017 (Conta Vinculada)
A74: D | B74: Aviso Prévio Trabalhado | C74: =7/30/12 -> 0.0194 | D74: =ROUND(($D$27+$D$94)*C74,2) -> 44.41 | F74: Refere-se à indenização de sete dias corridos devida ao empregado no caso de o empregador rescindir o contrato sem justo motivo e conceder aviso prévio, conforme disposto no art. 488 da CLT. Logo a provisão representa: (((7/30)/12))x100 = 1,94%
A75: E | B75: Incidência dos encargos do submódulo 2.2 sobre o Aviso Prévio Trabalhado | C75: =C74*C49 -> 0.007 | D75: =ROUND(($D$27+$D$94)*C75,2) -> 16.02 | F75: Calculado multiplicando-se o percentual total do submódulo 2.2 ao valor do item D deste módulo.
A76: C | B76: Multa do FGTS sobre o Aviso Prévio Trabalhado | C76: 0.0335 | D76: =ROUND($D$27*C76,2) -> 69.57 | F76: Corresponde a aplicação do percentual de 40% da multa do FGTS sobre o valor do item B deste módulo. Multa do FGTS sobre o Aviso Prévio Indenizado, estando devidamente dimensionada entre o Indenizado e o Trabalhado, totalizando 4%, de acordo com a IN 05/2017 (Conta Vinculada)
A77: TOTAL | C77: =ROUND(SUM(C71:C76),4) -> 0.0709 | D77: =ROUND(SUM(D71:D76),2) -> 153.88
A79: Módulo 4 - Custo de Reposição do Profissional Ausente
A81: Submódulo 4.1 - Ausências Legais
A82: 4.1 | B82: Ausências Legais | C82: Percentual (%) | D82: Valor (R$)
A83: A | B83: Férias | C83: =1/12 -> 0.0833 | D83: =ROUND(($D$27+$D$67+$D$77)*C83,2) -> 344.27 | F83: Custo total do profissional que substituirá o empregado por 30 dias no ano, em razão de férias. De acordo com realidade da empresa.
A84: B | B84: Ausências Legais | C84: =0.05/365 -> 0.0001 | D84: =ROUND(($D$27+$D$67+$D$77)*C84,2) -> 0.41 | F84: Estimativa de 0,13 ausências por ano. De acordo com realidade da empresa. A provisão mensal obtida pelo cálculo: (0,13/365) = 0,04%
A85: C | B85: Licença Paternidade | C85: =5/30/12*0.005 -> 0.0001 | D85: =ROUND(($D$27+$D$67+$D$77)*C85,2) -> 0.41 | F85: Criada pelo art. 7º, inciso XIX da CF, combinado com o art. 10, § 1º dos Atos das Disposições Constitucionais Transitórias – ADCT - , concede ao empregado o direito de ausentar-se do serviço por cinco dias quando do nascimento de filho. De acordo com estimativa do IBGE para o ano corrente, nascem filhos de 1,3999% dos trabalhadores no período de um ano. Dessa forma a provisão para este item corresponde a: (5/30/12) x 0,01399 x 100 = 0,02%.
A86: D | B86: Ausência por acidente de trabalho | C86: =15/30/12*0.003 -> 0.0001 | D86: =ROUND(($D$27+$D$67+$D$77)*C86,2) -> 0.41 | F86: O artigo 27 do Decreto nº 89.312, de 23/01/84, obriga o empregador a assumir o ônus financeiro pelo prazo de 15 dias, no caso de acidente de trabalho previsto no art. 131 da CLT. De acordo ccom a realidade da empresa. Assim a provisão corresponde a: ((15/30)/12) x 0,0078 x 100 = 0,03%.
A87: E | B87: Licença Maternidade | C87: =0.005*(4/12)/12 -> 0.0001 | D87: =ROUND(($D$27+$D$67+$D$77)*C87,2) -> 0.41 | F87: A provisão corresponde ao período legal de meses de afastamento na licença maternidade. De acordo com estimativa do IBGE para o ano corrente, nascem filhos de 1,3999% dos trabalhadores no período de um ano. Dessa forma a provisão para este item corresponde a: (0,01399 * (4/12)/12) x 100 = 0,04%.
A88: F | B88: Auxílio Doença | C88: =0.05/365 -> 0.0001 | D88: =ROUND(($D$27+$D$67+$D$77)*C88,2) -> 0.41 | F88: Estimativa de 0,13 ocorrências por ano. De acordo com realidade da empresa. A provisão mensal obtida pelo cálculo: (0,13/365) = 0,04%
A89: G | B89: Outros (especificar) | D89: =ROUND(($D$27+$D$67+$D$77)*C89,2) -> 0 | F89: Nota 2: Os itens que contemplam o módulo 4 se referem ao custo dos dias trabalhados pelo repositor/substituto, quando o empregado alocado na prestação de serviço estiver ausente, conforme as previsões estabelecidas na legislação.
A90: TOTAL | C90: =ROUND(SUM(C83:C89),4) -> 0.0838 | D90: =ROUND(SUM(D83:D89),2) -> 346.32
A92: Submódulo 4.2 - Intrajornada
A93: 4.2 | B93: Intrajornada | C93: Percentual (%) | D93: Valor (R$)
A94: A | B94: Intervalo para repouso ou alimentação | C94: =D94/D27 -> 0.1023 | D94: =D27/220*1.5*1*15 -> 212.39
A95: TOTAL | D95: =ROUND(D94,2) -> 212.39
A97: Quadro-Resumo do Módulo 4 - Custo de Reposição do Profissional Ausente
A98: 4 | B98: Custo de Reposição do Profissional Ausente | D98: Valor (R$)
A99: 4.1 | B99: Ausências Legais | D99: =ROUND(D90,2) -> 346.32
A100: 4.2 | B100: Intrajornada | D100: =ROUND(D95,2) -> 212.39
A101: TOTAL | D101: =ROUND(SUM(D99:D100),2) -> 558.71
A103: Módulo 5 - INSUMOS DIVERSOS
A104: 5 | B104: Insumos Diversos | D104: Valor (R$)
A105: A | B105: Uniformes e EPI's | D105: =VLOOKUP(A14,'Entrada de dados'!A2:N10,9,FALSE) -> 19.16
A106: B | B106: Materiais de limpeza | D106: =VLOOKUP(A14,'Entrada de dados'!A2:N10,10,FALSE) -> 198.91
A107: B | B107: Materiais | D107: =VLOOKUP(A14,'Entrada de dados'!A2:N10,11,FALSE) -> 7.08
A108: B | B108: Materiais de Higiene | D108: =VLOOKUP(A14,'Entrada de dados'!A2:N10,12,FALSE) -> 205.86
A109: B | B109: Equipamentos | D109: =VLOOKUP(A14,'Entrada de dados'!A2:N10,13,FALSE) -> 18.78
A110: C | B110: Veiculo | D110: =VLOOKUP(A14,'Entrada de dados'!A2:N10,14,FALSE) -> 25.67
A111: D | B111: outros | D111: 0
A112: Total de Insumos diversos | D112: =ROUND(SUM(D105:D111),2) -> 475.46
A114: MÓDULO 6 - CUSTOS INDIRETOS, TRIBUTOS E LUCRO
A115: 6 | B115: Custos Indiretos, Tributos e Lucro | C115: Percentual (%) | D115: Valor (R$)
A116: A | B116: Custos Indiretos | C116: 0.001 | D116: =D132*C116 -> 5.17
A117: B | B117: Lucro | C117: ='1'!C117 -> 0.0078 | D117: =(D132+D116)*C117 -> 40.34
A118: C | B118: Tributos
...

Sheet 9
A1: PLANILHA DE CUSTOS E FORMAÇÃO DE PREÇOS
A3: PROCESSO LICITATÓRIO Nº: 177/2025
A4: PREGÃO Nº: 1772025
A7: Discriminação dos Serviços (dados referentes à contratação)
A8: A | B8: Data da apresentação da proposta (dia/mês/ano) | D8: 45783
A9: B | B9: Município onde será executado o serviço: | D9: PARANAGUÁ/ANTONINA
A10: C | B10: Nº de Registro da Convenção Coletiva de Trabalho no MTE: | D10: =VLOOKUP(A14,'Entrada de dados'!$A$1:$N$8,2,FALSE) -> PR000074/2025
A11: D | B11: Nº de meses de execução contratual | D11: 30
A13: IDENTIFICAÇÃO DO SERVIÇO | C13: UNIDADE DE MEDIDA | D13: QTDE
A14: ='Quadro Resumo'!D9 -> SERVENTE DE LIMPEZA | C14: Posto de Serviço | D14: =VLOOKUP(A14,'Quadro Resumo'!D3:G13,4,FALSE) -> 42
A16: Carga horaria semanal | D16: 44
A17: Data base da categoria (dia / mês / ano): | D17: 45689
A19: Módulo 1: COMPOSIÇÃO DA REMUNERAÇÃO
A20: 1 | B20: Composição da Remuneração | D20: Valor (R$)
A21: A | B21: Salário Base | D21: =VLOOKUP(A14,'Entrada de dados'!A2:H8,3,FALSE)/44*'9'!D16 -> 1764 | F21: De acordo com a CCT
A22: B | B22: Adicional de periculosidade | F22: Conforme obrigatoriedade da legislação de regência.
A23: C | B23: Adicional de insalubridade | D23: ='Entrada de dados'!C8*40% -> 607.2 | F23: DEVERÁ SER UTILIZADA A PORCENTAGEM DE 20%, PARA APRESENTAÇÃO DE TODAS AS PLANILHAS.
A24: D | B24: Adicional noturno | F24: Conforme obrigatoriedade da legislação de regência.
A25: E | B25: Adicional de hora noturna reduzida | F25: Conforme obrigatoriedade da legislação de regência.
A26: F | B26: Cumulação de função | D26: 0 | F26: Conforme obrigatoriedade da legislação de regência.
A27: Total da Remuneração | D27: =SUM(D21:D26) -> 2371.2
A29: Módulo 2: ENCARGOS E BENEFÍCIOS ANUAIS, MENSAIS E DIÁRIOS
A31: Submódulo 2.1 - 13º (décimo terceiro) Salário, Férias e Adicional de Férias
A32: 2.1 | B32: 13º Salário, Férias e Adicional de Férias | C32: Percentual (%) | D32: Valor (R$)
A33: A | B33: 13º (décimo terceiro) Salário | C33: 0.0833 | D33: =ROUND($D$27*C33,2) -> 197.52 | F33: 1/12 (um doze avos) do total da remuneração.
A34: B | B34: Adicional de Férias | C34: 0.0278 | D34: =ROUND($D$27*C34,2) -> 65.92 | F34: Conforme previsão da IN 05/2017
A35: C | B35: Subtotal | C35: =SUM(C33:C34) -> 0.1111 | D35: =SUM(D33:D34) -> 263.44
A36: D | B36: Incidência do submódulo 2.2 sobre o submódulo 2.1 | C36: =C35*C49 -> 0.04 | D36: =ROUND($D$27*C36,2) -> 94.85
A37: TOTAL | C37: =SUM(C35:C36) -> 0.1511 | D37: =SUM(D35:D36) -> 358.29
A39: Submódulo 2.2 - Encargos Previdenciários (GPS), Fundo de Garantia por Tempo de Serviço (FGTS) e outras contribuições.
A40: 2.2 | B40: GPS, FGTS e outras contribuições | C40: Percentual (%) | D40: Valor (R$)
A41: A | B41: INSS | C41: 0.2 | D41: =ROUND($D$27*C41,2) -> 474.24 | F41: Art. 195, I, "A", Constituição Federal de 1988; art. 22, inciso I, da Lei 8.212/91
A42: B | B42: Salário Educação | C42: 0.025 | D42: =ROUND($D$27*C42,2) -> 59.28 | F42: Art. 212, § 5º da CF/88; Decreto-Lei nº 1.422/75
A43: C | B43: SAT | C43: =2%*1.0942 -> 0.0219 | D43: =ROUND($D$27*C43,2) -> 51.93 | F43: Art. 22, inciso II, da Lei nº 8.212/91 - De acordo com o percentual constante na GEFIP.
A44: D | B44: SESC ou SESI | C44: 0.015 | D44: =ROUND($D$27*C44,2) -> 35.57 | F44: Art. 30 da Lei nº 8.036/90; Decreto n.º 2.318/86
A45: E | B45: SENAI - SENAC | C45: 0.01 | D45: =ROUND($D$27*C45,2) -> 23.71 | F45: Decreto-Lei nº 2.318/86
A46: F | B46: SEBRAE | C46: 0.006 | D46: =ROUND($D$27*C46,2) -> 14.23 | F46: Art. 8º, §3º, Lei nº 8.029/90
A47: G | B47: INCRA | C47: 0.002 | D47: =ROUND($D$27*C47,2) -> 4.74 | F47: Lei nº 2.613/55; art. 1º, I, Decreto-Lei nº 1.146/70
A48: H | B48: FGTS | C48: 0.08 | D48: =ROUND($D$27*C48,2) -> 189.7 | F48: Art. 7º, Inciso III, da CF/88, c/c o art. 15, Lei nº 8.036/90
A49: TOTAL | C49: =ROUND(SUM(C41:C48),4) -> 0.3599 | D49: =ROUND(SUM(D41:D48),2) -> 853.4 | F49: Nota 1: Os percentuais dos encargos previdenciários, do FGTS e demais contribuições são aqueles estabelecidos pela legislação vigente.
A51: Submódulo 2.3 - Benefícios Mensais e Diários.
A52: 2.3 | B52: Benefícios Mensais e Diários | D52: Valor (R$) | F52: Qtde Dias
A53: A | B53: Transporte | D53: =IF(((F55*2*F53)-(D21*0.06))<0,0,((F55*2*F53)-(D21*0.06))) -> 0 | F53: 15 | H53: (conforme CCT) e legislação trabalhista.
A54: B | B54: Alimentação | D54: =F57*1*(1-F59) -> 644 | F54: Tarifa (R$) | H54: (conforme CCT) e legislação trabalhista.
A55: C | B55: Benefico Social Familiar | D55: =VLOOKUP(A14,'Entrada de dados'!A2:H8,5,FALSE) -> 28 | F55: 0 | H55: Conforme decreto municipal
A56: D | B56: Fundo de Formação Profissional | D56: =VLOOKUP(A14,'Entrada de dados'!A2:H8,6,FALSE) -> 28 | F56: V.A. (R$) | H56: (conforme CCT) e legislação trabalhista.
A57: E | B57: Beneficio assistencia Medica | D57: =VLOOKUP(A14,'Entrada de dados'!A2:H8,7,FALSE) -> 87.5 | F57: =VLOOKUP(A14,'Entrada de dados'!A2:H8,4,FALSE) -> 805 | H57: (conforme CCT) e legislação trabalhista.
A58: F | B58: Vale alimentação nas férias | D58: =VLOOKUP(A14,'Entrada de dados'!A2:H8,8,FALSE)*0.8 -> 53.66 | F58: % PAT | H58: (conforme CCT) e legislação trabalhista.
A59: G | B59: Seguro de vida | D59: 0 | F59: 0.2 | H59: (conforme CCT) e legislação trabalhista.
A60: Total dos Benefícios Mensais e Diários | D60: =ROUND(SUM(D53:D59),2) -> 841.16
A62: Quadro-Resumo do Módulo 2 - Encargos e Benefícios anuais, mensais e diários
A63: 2 | B63: Encargos e Benefícios Anuais, Mensais e Diários | D63: Valor (R$)
A64: 2.1 | B64: 13º (décimo terceiro) Salário, Férias e Adicional de Férias | D64: =ROUND(D37,2) -> 358.29
A65: 2.2 | B65: GPS, FGTS e outras contribuições | D65: =ROUND(D49,2) -> 853.4
A66: 2.3 | B66: Benefícios Mensais e Diários | D66: =ROUND(D60,2) -> 841.16
A67: TOTAL | D67: =ROUND(SUM(D64:D66),2) -> 2052.85
A69: Módulo 3 - Provisão para Rescisão
A70: 3 | B70: Provisão para Rescisão | C70: Percentual (%) | D70: Valor (R$)
A71: A | B71: Aviso Prévio Indenizado | C71: =1/12*0.05 -> 0.0042 | D71: =ROUND(($D$27+$D$94)*C71,2) -> 10.98 | F71: Trata-se de valor devido ao empregado no caso de o empregador rescindir o contrato sem justo motivo e sem lhe conceder aviso prévio, conforme disposto no § 1º do art. 487 da CLT. De acordo com levantamento efetuado em diversos contratos, cerca de 5% do pessoal é demitido pelo empregador, antes do término do contrato de trabalho. Cálculo ((1/12)x 0,05) x 100 = 0,42%
A72: B | B72: Incidência do FGTS sobre o Aviso Prévio Indenizado | C72: =C71*C48 -> 0.000336 | D72: =ROUND(($D$27+$D$94)*C72,2) -> 0.88 | F72: É a aplicação de 8% sobre o valor obtido no item A deste Módulo
A73: C | B73: Multa do FGTS sobre o Aviso Prévio Indenizado | C73: 0.0065 | D73: =ROUND($D$27*C73,2) -> 15.41 | F73: Corresponde a aplicação do percentual de 40% da multa do FGTS sobre o valor do item B deste módulo. Multa do FGTS sobre o Aviso Prévio Indenizado, estando devidamente dimensionada entre o Indenizado e o Trabalhado, totalizando 4%, de acordo com a IN 05/2017 (Conta Vinculada)
A74: D | B74: Aviso Prévio Trabalhado | C74: =7/30/12 -> 0.0194 | D74: =ROUND(($D$27+$D$94)*C74,2) -> 50.71 | F74: Refere-se à indenização de sete dias corridos devida ao empregado no caso de o empregador rescindir o contrato sem justo motivo e conceder aviso prévio, conforme disposto no art. 488 da CLT. Logo a provisão representa: (((7/30)/12))x100 = 1,94%
A75: E | B75: Incidência dos encargos do submódulo 2.2 sobre o Aviso Prévio Trabalhado | C75: =C74*C49 -> 0.007 | D75: =ROUND(($D$27+$D$94)*C75,2) -> 18.3 | F75: Calculado multiplicando-se o percentual total do submódulo 2.2 ao valor do item D deste módulo.
A76: C | B76: Multa do FGTS sobre o Aviso Prévio Trabalhado | C76: 0.0335 | D76: =ROUND($D$27*C76,2) -> 79.44 | F76: Corresponde a aplicação do percentual de 40% da multa do FGTS sobre o valor do item B deste módulo. Multa do FGTS sobre o Aviso Prévio Indenizado, estando devidamente dimensionada entre o Indenizado e o Trabalhado, totalizando 4%, de acordo com a IN 05/2017 (Conta Vinculada)
A77: TOTAL | C77: =ROUND(SUM(C71:C76),4) -> 0.0709 | D77: =ROUND(SUM(D71:D76),2) -> 175.72
A79: Módulo 4 - Custo de Reposição do Profissional Ausente
A81: Submódulo 4.1 - Ausências Legais
A82: 4.1 | B82: Ausências Legais | C82: Percentual (%) | D82: Valor (R$)
A83: A | B83: Férias | C83: =1/12 -> 0.0833 | D83: =ROUND(($D$27+$D$67+$D$77)*C83,2) -> 383.16 | F83: Custo total do profissional que substituirá o empregado por 30 dias no ano, em razão de férias. De acordo com realidade da empresa.
A84: B | B84: Ausências Legais | C84: =0.05/365 -> 0.0001 | D84: =ROUND(($D$27+$D$67+$D$77)*C84,2) -> 0.46 | F84: Estimativa de 0,13 ausências por ano. De acordo com realidade da empresa. A provisão mensal obtida pelo cálculo: (0,13/365) = 0,04%
A85: C | B85: Licença Paternidade | C85: =5/30/12*0.005 -> 0.0001 | D85: =ROUND(($D$27+$D$67+$D$77)*C85,2) -> 0.46 | F85: Criada pelo art. 7º, inciso XIX da CF, combinado com o art. 10, § 1º dos Atos das Disposições Constitucionais Transitórias – ADCT - , concede ao empregado o direito de ausentar-se do serviço por cinco dias quando do nascimento de filho. De acordo com estimativa do IBGE para o ano corrente, nascem filhos de 1,3999% dos trabalhadores no período de um ano. Dessa forma a provisão para este item corresponde a: (5/30/12) x 0,01399 x 100 = 0,02%.
A86: D | B86: Ausência por acidente de trabalho | C86: =15/30/12*0.003 -> 0.0001 | D86: =ROUND(($D$27+$D$67+$D$77)*C86,2) -> 0.46 | F86: O artigo 27 do Decreto nº 89.312, de 23/01/84, obriga o empregador a assumir o ônus financeiro pelo prazo de 15 dias, no caso de acidente de trabalho previsto no art. 131 da CLT. De acordo ccom a realidade da empresa. Assim a provisão corresponde a: ((15/30)/12) x 0,0078 x 100 = 0,03%.
A87: E | B87: Licença Maternidade | C87: =0.005*(4/12)/12 -> 0.0001 | D87: =ROUND(($D$27+$D$67+$D$77)*C87,2) -> 0.46 | F87: A provisão corresponde ao período legal de meses de afastamento na licença maternidade. De acordo com estimativa do IBGE para o ano corrente, nascem filhos de 1,3999% dos trabalhadores no período de um ano. Dessa forma a provisão para este item corresponde a: (0,01399 * (4/12)/12) x 100 = 0,04%.
A88: F | B88: Auxílio Doença | C88: =0.05/365 -> 0.0001 | D88: =ROUND(($D$27+$D$67+$D$77)*C88,2) -> 0.46 | F88: Estimativa de 0,13 ocorrências por ano. De acordo com realidade da empresa. A provisão mensal obtida pelo cálculo: (0,13/365) = 0,04%
A89: G | B89: Outros (especificar) | D89: =ROUND(($D$27+$D$67+$D$77)*C89,2) -> 0 | F89: Nota 2: Os itens que contemplam o módulo 4 se referem ao custo dos dias trabalhados pelo repositor/substituto, quando o empregado alocado na prestação de serviço estiver ausente, conforme as previsões estabelecidas na legislação.
A90: TOTAL | C90: =ROUND(SUM(C83:C89),4) -> 0.0838 | D90: =ROUND(SUM(D83:D89),2) -> 385.46
A92: Submódulo 4.2 - Intrajornada
A93: 4.2 | B93: Intrajornada | C93: Percentual (%) | D93: Valor (R$)
A94: A | B94: Intervalo para repouso ou alimentação | C94: =D94/D27 -> 0.1023 | D94: =D27/220*1.5*1*15 -> 242.51
A95: TOTAL | D95: =ROUND(D94,2) -> 242.51
A97: Quadro-Resumo do Módulo 4 - Custo de Reposição do Profissional Ausente
A98: 4 | B98: Custo de Reposição do Profissional Ausente | D98: Valor (R$)
A99: 4.1 | B99: Ausências Legais | D99: =ROUND(D90,2) -> 385.46
A100: 4.2 | B100: Intrajornada | D100: =ROUND(D95,2) -> 242.51
A101: TOTAL | D101: =ROUND(SUM(D99:D100),2) -> 627.97
A103: Módulo 5 - INSUMOS DIVERSOS
A104: 5 | B104: Insumos Diversos | D104: Valor (R$)
A105: A | B105: Uniformes e EPI's | D105: =VLOOKUP(A14,'Entrada de dados'!A2:N10,9,FALSE) -> 19.16
A106: B | B106: Materiais de limpeza | D106: =VLOOKUP(A14,'Entrada de dados'!A2:N10,10,FALSE) -> 198.91
A107: B | B107: Materiais | D107: =VLOOKUP(A14,'Entrada de dados'!A2:N10,11,FALSE) -> 7.08
A108: B | B108: Materiais de Higiene | D108: =VLOOKUP(A14,'Entrada de dados'!A2:N10,12,FALSE) -> 205.86
A109: B | B109: Equipamentos | D109: =VLOOKUP(A14,'Entrada de dados'!A2:N10,13,FALSE) -> 18.78
A110: C | B110: Veiculo | D110: =VLOOKUP(A14,'Entrada de dados'!A2:N10,14,FALSE) -> 25.67
A111: D | B111: outros | D111: 0
A112: Total de Insumos diversos | D112: =ROUND(SUM(D105:D111),2) -> 475.46
A114: MÓDULO 6 - CUSTOS INDIRETOS, TRIBUTOS E LUCRO
A115: 6 | B115: Custos Indiretos, Tributos e Lucro | C115: Percentual (%) | D115: Valor (R$)
A116: A | B116: Custos Indiretos | C116: 0.001 | D116: =D132*C116 -> 5.7
A117: B | B117: Lucro | C117: ='1'!C117 -> 0.0078 | D117: =(D132+D116)*C117 -> 44.53
A118: C | B118: Tributos
...

Sheet 10
A1: PLANILHA DE CUSTOS E FORMAÇÃO DE PREÇOS
A3: PROCESSO LICITATÓRIO Nº: 177/2025
A4: PREGÃO Nº: 1772025
A7: Discriminação dos Serviços (dados referentes à contratação)
A8: A | B8: Data da apresentação da proposta (dia/mês/ano) | D8: 45783
A9: B | B9: Município onde será executado o serviço: | D9: PARANAGUÁ/ANTONINA
A10: C | B10: Nº de Registro da Convenção Coletiva de Trabalho no MTE: | D10: =VLOOKUP(A14,'Entrada de dados'!$A$1:$N$8,2,FALSE) -> PR000074/2025
A11: D | B11: Nº de meses de execução contratual | D11: 30
A13: IDENTIFICAÇÃO DO SERVIÇO | C13: UNIDADE DE MEDIDA | D13: QTDE
A14: ='Quadro Resumo'!D9 -> SERVENTE DE LIMPEZA | C14: Posto de Serviço | D14: =VLOOKUP(A14,'Quadro Resumo'!D3:G13,4,FALSE) -> 42
A16: Carga horaria semanal | D16: 44
A17: Data base da categoria (dia / mês / ano): | D17: 45689
A19: Módulo 1: COMPOSIÇÃO DA REMUNERAÇÃO
A20: 1 | B20: Composição da Remuneração | D20: Valor (R$)
A21: A | B21: Salário Base | D21: =VLOOKUP(A14,'Entrada de dados'!A2:H8,3,FALSE)/44*'10'!D16 -> 1764 | F21: De acordo com a CCT
A22: B | B22: Adicional de periculosidade | F22: Conforme obrigatoriedade da legislação de regência.
A23: C | B23: Adicional de insalubridade | D23: ='Entrada de dados'!C8*40% -> 607.2 | F23: DEVERÁ SER UTILIZADA A PORCENTAGEM DE 20%, PARA APRESENTAÇÃO DE TODAS AS PLANILHAS.
A24: D | B24: Adicional noturno | D24: =(D21+D23)/220*0.2*7*15 -> 226.34 | F24: Conforme obrigatoriedade da legislação de regência.
A25: E | B25: Adicional de hora noturna reduzida | D25: =(D21+D23)/220*1.2*(((7*15)/52.5)*60-(7*15)) -> 194.01 | F25: Conforme obrigatoriedade da legislação de regência.
A26: F | B26: Cumulação de função | D26: 0 | F26: Conforme obrigatoriedade da legislação de regência.
A27: Total da Remuneração | D27: =SUM(D21:D26) -> 2791.55
A29: Módulo 2: ENCARGOS E BENEFÍCIOS ANUAIS, MENSAIS E DIÁRIOS
A31: Submódulo 2.1 - 13º (décimo terceiro) Salário, Férias e Adicional de Férias
A32: 2.1 | B32: 13º Salário, Férias e Adicional de Férias | C32: Percentual (%) | D32: Valor (R$)
A33: A | B33: 13º (décimo terceiro) Salário | C33: 0.0833 | D33: =ROUND($D$27*C33,2) -> 232.54 | F33: 1/12 (um doze avos) do total da remuneração.
A34: B | B34: Adicional de Férias | C34: 0.0278 | D34: =ROUND($D$27*C34,2) -> 77.61 | F34: Conforme previsão da IN 05/2017
A35: C | B35: Subtotal | C35: =SUM(C33:C34) -> 0.1111 | D35: =SUM(D33:D34) -> 310.15
A36: D | B36: Incidência do submódulo 2.2 sobre o submódulo 2.1 | C36: =C35*C49 -> 0.04 | D36: =ROUND($D$27*C36,2) -> 111.66
A37: TOTAL | C37: =SUM(C35:C36) -> 0.1511 | D37: =SUM(D35:D36) -> 421.81
A39: Submódulo 2.2 - Encargos Previdenciários (GPS), Fundo de Garantia por Tempo de Serviço (FGTS) e outras contribuições.
A40: 2.2 | B40: GPS, FGTS e outras contribuições | C40: Percentual (%) | D40: Valor (R$)
A41: A | B41: INSS | C41: 0.2 | D41: =ROUND($D$27*C41,2) -> 558.31 | F41: Art. 195, I, "A", Constituição Federal de 1988; art. 22, inciso I, da Lei 8.212/91
A42: B | B42: Salário Educação | C42: 0.025 | D42: =ROUND($D$27*C42,2) -> 69.79 | F42: Art. 212, § 5º da CF/88; Decreto-Lei nº 1.422/75
A43: C | B43: SAT | C43: =2%*1.0942 -> 0.0219 | D43: =ROUND($D$27*C43,2) -> 61.13 | F43: Art. 22, inciso II, da Lei nº 8.212/91 - De acordo com o percentual constante na GEFIP.
A44: D | B44: SESC ou SESI | C44: 0.015 | D44: =ROUND($D$27*C44,2) -> 41.87 | F44: Art. 30 da Lei nº 8.036/90; Decreto n.º 2.318/86
A45: E | B45: SENAI - SENAC | C45: 0.01 | D45: =ROUND($D$27*C45,2) -> 27.92 | F45: Decreto-Lei nº 2.318/86
A46: F | B46: SEBRAE | C46: 0.006 | D46: =ROUND($D$27*C46,2) -> 16.75 | F46: Art. 8º, §3º, Lei nº 8.029/90
A47: G | B47: INCRA | C47: 0.002 | D47: =ROUND($D$27*C47,2) -> 5.58 | F47: Lei nº 2.613/55; art. 1º, I, Decreto-Lei nº 1.146/70
A48: H | B48: FGTS | C48: 0.08 | D48: =ROUND($D$27*C48,2) -> 223.32 | F48: Art. 7º, Inciso III, da CF/88, c/c o art. 15, Lei nº 8.036/90
A49: TOTAL | C49: =ROUND(SUM(C41:C48),4) -> 0.3599 | D49: =ROUND(SUM(D41:D48),2) -> 1004.67 | F49: Nota 1: Os percentuais dos encargos previdenciários, do FGTS e demais contribuições são aqueles estabelecidos pela legislação vigente.
A51: Submódulo 2.3 - Benefícios Mensais e Diários.
A52: 2.3 | B52: Benefícios Mensais e Diários | D52: Valor (R$) | F52: Qtde Dias
A53: A | B53: Transporte | D53: =IF(((F55*2*F53)-(D21*0.06))<0,0,((F55*2*F53)-(D21*0.06))) -> 0 | F53: 15 | H53: (conforme CCT) e legislação trabalhista.
A54: B | B54: Alimentação | D54: =F57*1*(1-F59) -> 644 | F54: Tarifa (R$) | H54: (conforme CCT) e legislação trabalhista.
A55: C | B55: Benefico Social Familiar | D55: =VLOOKUP(A14,'Entrada de dados'!A2:H8,5,FALSE) -> 28 | F55: 0 | H55: Conforme decreto municipal
A56: D | B56: Fundo de Formação Profissional | D56: =VLOOKUP(A14,'Entrada de dados'!A2:H8,6,FALSE) -> 28 | F56: V.A. (R$) | H56: (conforme CCT) e legislação trabalhista.
A57: E | B57: Beneficio assistencia Medica | D57: =VLOOKUP(A14,'Entrada de dados'!A2:H8,7,FALSE) -> 87.5 | F57: =VLOOKUP(A14,'Entrada de dados'!A2:H8,4,FALSE) -> 805 | H57: (conforme CCT) e legislação trabalhista.
A58: F | B58: Vale alimentação nas férias | D58: =VLOOKUP(A14,'Entrada de dados'!A2:H8,8,FALSE)*0.8 -> 53.66 | F58: % PAT | H58: (conforme CCT) e legislação trabalhista.
A59: G | B59: Seguro de vida | D59: 0 | F59: 0.2 | H59: (conforme CCT) e legislação trabalhista.
A60: Total dos Benefícios Mensais e Diários | D60: =ROUND(SUM(D53:D59),2) -> 841.16
A62: Quadro-Resumo do Módulo 2 - Encargos e Benefícios anuais, mensais e diários
A63: 2 | B63: Encargos e Benefícios Anuais, Mensais e Diários | D63: Valor (R$)
A64: 2.1 | B64: 13º (décimo terceiro) Salário, Férias e Adicional de Férias | D64: =ROUND(D37,2) -> 421.81
A65: 2.2 | B65: GPS, FGTS e outras contribuições | D65: =ROUND(D49,2) -> 1004.67
A66: 2.3 | B66: Benefícios Mensais e Diários | D66: =ROUND(D60,2) -> 841.16
A67: TOTAL | D67: =ROUND(SUM(D64:D66),2) -> 2267.64
A69: Módulo 3 - Provisão para Rescisão
A70: 3 | B70: Provisão para Rescisão | C70: Percentual (%) | D70: Valor (R$)
A71: A | B71: Aviso Prévio Indenizado | C71: =1/12*0.05 -> 0.0042 | D71: =ROUND(($D$27+$D$94)*C71,2) -> 12.92 | F71: Trata-se de valor devido ao empregado no caso de o empregador rescindir o contrato sem justo motivo e sem lhe conceder aviso prévio, conforme disposto no § 1º do art. 487 da CLT. De acordo com levantamento efetuado em diversos contratos, cerca de 5% do pessoal é demitido pelo empregador, antes do término do contrato de trabalho. Cálculo ((1/12)x 0,05) x 100 = 0,42%
A72: B | B72: Incidência do FGTS sobre o Aviso Prévio Indenizado | C72: =C71*C48 -> 0.000336 | D72: =ROUND(($D$27+$D$94)*C72,2) -> 1.03 | F72: É a aplicação de 8% sobre o valor obtido no item A deste Módulo
A73: C | B73: Multa do FGTS sobre o Aviso Prévio Indenizado | C73: 0.0065 | D73: =ROUND($D$27*C73,2) -> 18.15 | F73: Corresponde a aplicação do percentual de 40% da multa do FGTS sobre o valor do item B deste módulo. Multa do FGTS sobre o Aviso Prévio Indenizado, estando devidamente dimensionada entre o Indenizado e o Trabalhado, totalizando 4%, de acordo com a IN 05/2017 (Conta Vinculada)
A74: D | B74: Aviso Prévio Trabalhado | C74: =7/30/12 -> 0.0194 | D74: =ROUND(($D$27+$D$94)*C74,2) -> 59.69 | F74: Refere-se à indenização de sete dias corridos devida ao empregado no caso de o empregador rescindir o contrato sem justo motivo e conceder aviso prévio, conforme disposto no art. 488 da CLT. Logo a provisão representa: (((7/30)/12))x100 = 1,94%
A75: E | B75: Incidência dos encargos do submódulo 2.2 sobre o Aviso Prévio Trabalhado | C75: =C74*C49 -> 0.007 | D75: =ROUND(($D$27+$D$94)*C75,2) -> 21.54 | F75: Calculado multiplicando-se o percentual total do submódulo 2.2 ao valor do item D deste módulo.
A76: C | B76: Multa do FGTS sobre o Aviso Prévio Trabalhado | C76: 0.0335 | D76: =ROUND($D$27*C76,2) -> 93.52 | F76: Corresponde a aplicação do percentual de 40% da multa do FGTS sobre o valor do item B deste módulo. Multa do FGTS sobre o Aviso Prévio Indenizado, estando devidamente dimensionada entre o Indenizado e o Trabalhado, totalizando 4%, de acordo com a IN 05/2017 (Conta Vinculada)
A77: TOTAL | C77: =ROUND(SUM(C71:C76),4) -> 0.0709 | D77: =ROUND(SUM(D71:D76),2) -> 206.85
A79: Módulo 4 - Custo de Reposição do Profissional Ausente
A81: Submódulo 4.1 - Ausências Legais
A82: 4.1 | B82: Ausências Legais | C82: Percentual (%) | D82: Valor (R$)
A83: A | B83: Férias | C83: =1/12 -> 0.0833 | D83: =ROUND(($D$27+$D$67+$D$77)*C83,2) -> 438.66 | F83: Custo total do profissional que substituirá o empregado por 30 dias no ano, em razão de férias. De acordo com realidade da empresa.
A84: B | B84: Ausências Legais | C84: =0.05/365 -> 0.0001 | D84: =ROUND(($D$27+$D$67+$D$77)*C84,2) -> 0.53 | F84: Estimativa de 0,13 ausências por ano. De acordo com realidade da empresa. A provisão mensal obtida pelo cálculo: (0,13/365) = 0,04%
A85: C | B85: Licença Paternidade | C85: =5/30/12*0.005 -> 0.0001 | D85: =ROUND(($D$27+$D$67+$D$77)*C85,2) -> 0.53 | F85: Criada pelo art. 7º, inciso XIX da CF, combinado com o art. 10, § 1º dos Atos das Disposições Constitucionais Transitórias – ADCT - , concede ao empregado o direito de ausentar-se do serviço por cinco dias quando do nascimento de filho. De acordo com estimativa do IBGE para o ano corrente, nascem filhos de 1,3999% dos trabalhadores no período de um ano. Dessa forma a provisão para este item corresponde a: (5/30/12) x 0,01399 x 100 = 0,02%.
A86: D | B86: Ausência por acidente de trabalho | C86: =15/30/12*0.003 -> 0.0001 | D86: =ROUND(($D$27+$D$67+$D$77)*C86,2) -> 0.53 | F86: O artigo 27 do Decreto nº 89.312, de 23/01/84, obriga o empregador a assumir o ônus financeiro pelo prazo de 15 dias, no caso de acidente de trabalho previsto no art. 131 da CLT. De acordo ccom a realidade da empresa. Assim a provisão corresponde a: ((15/30)/12) x 0,0078 x 100 = 0,03%.
A87: E | B87: Licença Maternidade | C87: =0.005*(4/12)/12 -> 0.0001 | D87: =ROUND(($D$27+$D$67+$D$77)*C87,2) -> 0.53 | F87: A provisão corresponde ao período legal de meses de afastamento na licença maternidade. De acordo com estimativa do IBGE para o ano corrente, nascem filhos de 1,3999% dos trabalhadores no período de um ano. Dessa forma a provisão para este item corresponde a: (0,01399 * (4/12)/12) x 100 = 0,04%.
A88: F | B88: Auxílio Doença | C88: =0.05/365 -> 0.0001 | D88: =ROUND(($D$27+$D$67+$D$77)*C88,2) -> 0.53 | F88: Estimativa de 0,13 ocorrências por ano. De acordo com realidade da empresa. A provisão mensal obtida pelo cálculo: (0,13/365) = 0,04%
A89: G | B89: Outros (especificar) | D89: =ROUND(($D$27+$D$67+$D$77)*C89,2) -> 0 | F89: Nota 2: Os itens que contemplam o módulo 4 se referem ao custo dos dias trabalhados pelo repositor/substituto, quando o empregado alocado na prestação de serviço estiver ausente, conforme as previsões estabelecidas na legislação.
A90: TOTAL | C90: =ROUND(SUM(C83:C89),4) -> 0.0838 | D90: =ROUND(SUM(D83:D89),2) -> 441.31
A92: Submódulo 4.2 - Intrajornada
A93: 4.2 | B93: Intrajornada | C93: Percentual (%) | D93: Valor (R$)
A94: A | B94: Intervalo para repouso ou alimentação | C94: =D94/D27 -> 0.1023 | D94: =D27/220*1.5*1*15 -> 285.5
A95: TOTAL | D95: =ROUND(D94,2) -> 285.5
A97: Quadro-Resumo do Módulo 4 - Custo de Reposição do Profissional Ausente
A98: 4 | B98: Custo de Reposição do Profissional Ausente | D98: Valor (R$)
A99: 4.1 | B99: Ausências Legais | D99: =ROUND(D90,2) -> 441.31
A100: 4.2 | B100: Intrajornada | D100: =ROUND(D95,2) -> 285.5
A101: TOTAL | D101: =ROUND(SUM(D99:D100),2) -> 726.81
A103: Módulo 5 - INSUMOS DIVERSOS
A104: 5 | B104: Insumos Diversos | D104: Valor (R$)
A105: A | B105: Uniformes e EPI's | D105: =VLOOKUP(A14,'Entrada de dados'!A2:N10,9,FALSE) -> 19.16
A106: B | B106: Materiais de limpeza | D106: =VLOOKUP(A14,'Entrada de dados'!A2:N10,10,FALSE) -> 198.91
A107: B | B107: Materiais | D107: =VLOOKUP(A14,'Entrada de dados'!A2:N10,11,FALSE) -> 7.08
A108: B | B108: Materiais de Higiene | D108: =VLOOKUP(A14,'Entrada de dados'!A2:N10,12,FALSE) -> 205.86
A109: B | B109: Equipamentos | D109: =VLOOKUP(A14,'Entrada de dados'!A2:N10,13,FALSE) -> 18.78
A110: C | B110: Veiculo | D110: =VLOOKUP(A14,'Entrada de dados'!A2:N10,14,FALSE) -> 25.67
A111: D | B111: outros | D111: 0
A112: Total de Insumos diversos | D112: =ROUND(SUM(D105:D111),2) -> 475.46
A114: MÓDULO 6 - CUSTOS INDIRETOS, TRIBUTOS E LUCRO
A115: 6 | B115: Custos Indiretos, Tributos e Lucro | C115: Percentual (%) | D115: Valor (R$)
A116: A | B116: Custos Indiretos | C116: 0.001 | D116: =D132*C116 -> 6.47
A117: B | B117: Lucro | C117: ='1'!C117 -> 0.0078 | D117: =(D132+D116)*C117 -> 50.5 | E117: ='Quadro Resumo'!J16 -> 17072731
A118: C | B118: Tributos
...

Sheet insumos
B1: UNIFORME SERVENTE
B2: DESCRIÇÃO | C2: QTDE ANUAL | D2: VALOR UNITÁRIO | E2: VALOR TOTAL | F2: VALOR MENSAL
B3: CALÇA - Sarja Brim 100% algodão com identificação da empresa | C3: 2 | D3: 40 | E3: =D3*C3 -> 80 | F3: =E3/12 -> 6.67
B4: CAMISETA MANGA CURTA - 100% algodão, com identificação da empresa | C4: 2 | D4: 17 | E4: =D4*C4 -> 34 | F4: =E4/12 -> 2.83
B5: CAMISETA MANGA LONGA - 100% algodão, com identificação da empresa | C5: 2 | D5: 20 | E5: =D5*C5 -> 40 | F5: =E5/12 -> 3.33
B6: CRACHÁ - cordão com trava de segurança | C6: 1 | D6: 5 | E6: =D6*C6 -> 5 | F6: =E6/12 -> 0.42
B7: LUVAS DE BORRACHA - confeccionada em borracha natural, revestimento interno de verniz silver, antialérgica, superfície externa antiderrapante na palma e face palmar dos dedos, lisa na parte dorsal e punhos, impermeáveis, resistentes a (os): produtos químicos de limpeza, rasgamento e perfurações por punção, embalagem contendo o par, com Certificado de Aprovação - CA emitido pelo órgão competente. gravado na peça, cor azul. | C7: 6 | D7: 3.5 | E7: =D7*C7 -> 21 | F7: =E7/12 -> 1.75
B8: SAPATO DE SEGURANÇA - confeccionado em couro, fechamento com elástico, solado de poliuretano monodensidad | C8: 1 | D8: 40 | E8: =D8*C8 -> 40 | F8: =E8/12 -> 3.33
B9: OCULOS DE PROTEÇÃO - confeccionado em policarbonato óptico, com armação de nylon e hastes com comprimento regulável, filtro UVA/UVB | C9: 1 | D9: 10 | E9: =D9*C9 -> 10 | F9: =E9/12 -> 0.83
B10: VALOR MENSAL | F10: =SUM(F3:F9) -> 19.16
B12: UNIFORME ENCARREGADO
B13: DESCRIÇÃO | C13: QTDE ANUAL | D13: VALOR UNITÁRIO | E13: VALOR TOTAL | F13: VALOR MENSAL
B14: CALÇA - Sarja Brim 100% algodão com identificação da empresa | C14: 2 | D14: 40 | E14: =D14*C14 -> 80 | F14: =E14/12 -> 6.67
B15: CAMISETA MANGA CURTA - 100% algodão, com identificação da empresa | C15: 2 | D15: 17 | E15: =D15*C15 -> 34 | F15: =E15/12 -> 2.83
B16: CAMISETA MANGA LONGA - 100% algodão, com identificação da empresa | C16: 2 | D16: 20 | E16: =D16*C16 -> 40 | F16: =E16/12 -> 3.33
B17: CRACHÁ - cordão com trava de segurança | C17: 1 | D17: 5 | E17: =D17*C17 -> 5 | F17: =E17/12 -> 0.42
B18: SAPATO DE SEGURANÇA - confeccionado em couro, fechamento com elástico, solado de poliuretano monodensidad | C18: 2 | D18: 40 | E18: =D18*C18 -> 80 | F18: =E18/12 -> 6.67
B19: VALOR MENSAL | F19: =SUM(F14:F18) -> 19.92
B21: UNIFORME SUPERVISOR
B22: DESCRIÇÃO | C22: QTDE ANUAL | D22: VALOR UNITÁRIO | E22: VALOR TOTAL | F22: VALOR MENSAL
B23: CALÇA - Sarja Brim 100% algodão com identificação da empresa | C23: 2 | D23: 40 | E23: =D23*C23 -> 80 | F23: =E23/12 -> 6.67
B24: CAMISETA MANGA CURTA - 100% algodão, com identificação da empresa | C24: 2 | D24: 17 | E24: =D24*C24 -> 34 | F24: =E24/12 -> 2.83
B25: CAMISETA MANGA LONGA - 100% algodão, com identificação da empresa | C25: 2 | D25: 20 | E25: =D25*C25 -> 40 | F25: =E25/12 -> 3.33
B26: CRACHÁ - cordão com trava de segurança | C26: 1 | D26: 5 | E26: =D26*C26 -> 5 | F26: =E26/12 -> 0.42
B27: SAPATO DE SEGURANÇA - confeccionado em couro, fechamento com elástico, solado de poliuretano monodensidad | C27: 2 | D27: 40 | E27: =D27*C27 -> 80 | F27: =E27/12 -> 6.67
B28: VALOR MENSAL | F28: =SUM(F23:F27) -> 19.92
B30: UNIFORME COPEIRA
B31: DESCRIÇÃO | C31: QTDE ANUAL | D31: VALOR UNITÁRIO | E31: VALOR TOTAL | F31: VALOR MENSAL
B32: JALECO - algodão 100% com identificação da empresa | C32: 2 | D32: 35 | E32: =D32*C32 -> 70 | F32: =E32/12 -> 5.83
B33: CALÇA - Sarja Brim 100% algodão com identificação da empresa | C33: 2 | D33: 40 | E33: =D33*C33 -> 80 | F33: =E33/12 -> 6.67
B34: CAMISETA MANGA CURTA - 100% algodão, com identificação da empresa | C34: 2 | D34: 17 | E34: =D34*C34 -> 34 | F34: =E34/12 -> 2.83
B35: CAMISETA MANGA LONGA - 100% algodão, com identificação da empresa | C35: 2 | D35: 20 | E35: =D35*C35 -> 40 | F35: =E35/12 -> 3.33
B36: TOUCA - descartável, polipropileno não tecido, cor branca | C36: 1 | D36: 5 | E36: =D36*C36 -> 5 | F36: =E36/12 -> 0.42
B37: CRACHÁ - cordão com trava de segurança | C37: 1 | D37: 5 | E37: =D37*C37 -> 5 | F37: =E37/12 -> 0.42
B38: LUVAS DE BORRACHA - confeccionada em borracha natural, revestimento interno de verniz silver, antialérgica, superfície externa antiderrapante na palma e face palmar dos dedos, lisa na parte dorsal e punhos, impermeáveis, resistentes a (os): produtos químicos de limpeza, rasgamento e perfurações por punção, embalagem contendo o par, com Certificado de Aprovação - CA emitido pelo órgão competente. gravado na peça, cor azul. | C38: 6 | D38: 3.5 | E38: =D38*C38 -> 21 | F38: =E38/12 -> 1.75
B39: SAPATO DE SEGURANÇA - confeccionado em couro, fechamento com elástico, solado de poliuretano monodensidad | C39: 2 | D39: 40 | E39: =D39*C39 -> 80 | F39: =E39/12 -> 6.67
B40: VALOR MENSAL | F40: =SUM(F32:F39) -> 27.92
B42: UNIFORME JARDINEIRO E MEIO OFICIAL
B43: DESCRIÇÃO | C43: QTDE ANUAL | D43: VALOR UNITÁRIO | E43: VALOR TOTAL | F43: VALOR MENSAL
B44: BONÉ - brim 100% algodão, com protetor de nuca, ajuste por fivela ou velcro | C44: 2 | D44: 20 | E44: =D44*C44 -> 40 | F44: =E44/12 -> 3.33
B45: SAPATO DE SEGURANÇA - confeccionado em couro, fechamento com elástico, solado de poliuretano monodensidad | C45: 2 | D45: 40 | E45: =D45*C45 -> 80 | F45: =E45/12 -> 6.67
B46: CALÇA - Sarja Brim 100% algodão com identificação da empresa | C46: 2 | D46: 40 | E46: =D46*C46 -> 80 | F46: =E46/12 -> 6.67
B47: CAMISETA MANGA CURTA - 100% algodão, com identificação da empresa | C47: 2 | D47: 17 | E47: =D47*C47 -> 34 | F47: =E47/12 -> 2.83
B48: CAMISETA MANGA LONGA - 100% algodão, com identificação da empresa | C48: 2 | D48: 20 | E48: =D48*C48 -> 40 | F48: =E48/12 -> 3.33
B49: CRACHÁ - cordão com trava de segurança | C49: 1 | D49: 5 | E49: =D49*C49 -> 5 | F49: =E49/12 -> 0.42
B50: LUVAS DE VAQUETA - confeccionada em vaqueta, com reforço palmar interno, tipo petroleira, com elástico embutido no dorso, costurada com linha de nylon, conforme ABNT/EB-192. silver, antialérgica, superfície externa antiderrapante na palma e face palmar dos dedos, lisa na parte dorsal e punhos, impermeáveis, resistentes a (os): produtos químicos de limpeza, rasgamento e perfurações por punção, embalagem contendo o par, com Certificado de Aprovação - CA emitido pelo órgão competente. gravado na peça, cor azul. | C50: 2 | D50: 12 | E50: =D50*C50 -> 24 | F50: =E50/12 -> 2
B51: OCULOS DE PROTEÇÃO - confeccionado em policarbonato óptico, com armação de nylon e hastes com comprimento regulável, filtro UVA/UVB silver, antialérgica, superfície externa antiderrapante na palma e face palmar dos dedos, lisa na parte dorsal e punhos, impermeáveis, resistentes a (os): produtos químicos de limpeza, rasgamento e perfurações por punção, embalagem contendo o par, com Certificado de Aprovação - CA emitido pelo órgão competente. gravado na peça, cor azul. | C51: 2 | D51: 10 | E51: =D51*C51 -> 20 | F51: =E51/12 -> 1.67
B52: PROTETOR SOLAR - FPS 50 silver, antialérgica, superfície externa antiderrapante na palma e face palmar dos dedos, lisa na parte dorsal e punhos, impermeáveis, resistentes a (os): produtos químicos de limpeza, rasgamento e perfurações por punção, embalagem contendo o par, com Certificado de Aprovação - CA emitido pelo órgão competente. gravado na peça, cor azul. | C52: 12 | D52: 15 | E52: =D52*C52 -> 180 | F52: =E52/12 -> 15
B53: LUVAS DE BORRACHA - confeccionada em borracha natural, revestimento interno de verniz silver, antialérgica, superfície externa antiderrapante na palma e face palmar dos dedos, lisa na parte dorsal e punhos, impermeáveis, resistentes a (os): produtos químicos de limpeza, rasgamento e perfurações por punção, embalagem contendo o par, com Certificado de Aprovação - CA emitido pelo órgão competente. gravado na peça, cor azul. | C53: 6 | D53: 3.5 | E53: =D53*C53 -> 21 | F53: =E53/12 -> 1.75
B54: VALOR MENSAL | F54: =SUM(F44:F53) -> 43.67
B56: MATERIAIS DE LIMPEZA
B57: DESCRIÇÃO | C57: VALOR UNITÁRIO | D57: QTDE | E57: VALOR POSTO | F57: 1
A58: 1 | B58: DETERGENTE 5L | C58: 36 | D58: 20 | E58: =C58*D58 -> 720 | F58: =E58/$F$57 -> 720
A59: 2 | B59: DESINFETANTE FLORAL 5L | C59: 64 | D59: 35 | E59: =C59*D59 -> 2240 | F59: =E59/$F$57 -> 2240
A60: 3 | B60: LIMPADOR CLORADO | C60: 19.2 | D60: 40 | E60: =C60*D60 -> 768 | F60: =E60/$F$57 -> 768
A61: 4 | B61: BORRIFADOR | C61: 4 | D61: 5 | E61: =C61*D61 -> 20 | F61: =E61/$F$57 -> 20
A62: 5 | B62: ESCOVA | C62: 2.4 | D62: 10 | E62: =C62*D62 -> 24 | F62: =E62/$F$57 -> 24
A63: 6 | B63: ESCOVA DE LIMPEZA | C63: 4 | D63: 15 | E63: =C63*D63 -> 60 | F63: =E63/$F$57 -> 60
A64: 7 | B64: ESCOVA SANITÁRIA | C64: 5.6 | D64: 10 | E64: =C64*D64 -> 56 | F64: =E64/$F$57 -> 56
A65: 8 | B65: LIMPA CARPETE | C65: 18.4 | D65: 2 | E65: =C65*D65 -> 36.8 | F65: =E65/$F$57 -> 36.8
A66: 9 | B66: DESINGRIPANTE | C66: 20 | D66: 1 | E66: =C66*D66 -> 20 | F66: =E66/$F$57 -> 20
A67: 10 | B67: PASTILHA ADESIVA | C67: 3.6 | D67: 150 | E67: =C67*D67 -> 540 | F67: =E67/$F$57 -> 540
A68: 11 | B68: ALCOOL LIQUIDO 70 | C68: 25.6 | D68: 10 | E68: =C68*D68 -> 256 | F68: =E68/$F$57 -> 256
A69: 12 | B69: ALCOOL GEL | C69: 4.96 | D69: 100 | E69: =C69*D69 -> 496 | F69: =E69/$F$57 -> 496
... A102: 45 | B102: LUVA GG | C102: 5.76 | D102: 180 | E102: =C102*D102 -> 1036.8 | F102: =E102/$F$57 -> 1036.8
F103: =SUM(F58:F102) -> 17106.52
B105: MATERIAIS
B106: DESCRIÇÃO | C106: VALOR UNITÁRIO | D106: QTDE | E106: VALOR POSTO | F106: 30
A107: 1 | B107: EXTENSÃO TELESCOPICA 3M | C107: 93.6 | D107: 2 | E107: =C107*D107 -> 187.2 | F107: =E107/$F$106 -> 6.24
A108: 2 | B108: EXTENSÃO TELESCOPICA 7M | C108: 176 | D108: 2 | E108: =C108*D108 -> 352 | F108: =E108/$F$106 -> 11.73
A109: 3 | B109: APLICADOR DE CERA | C109: 65.6 | D109: 10 | E109: =C109*D109 -> 656 | F109: =E109/$F$106 -> 21.87
A110: 4 | B110: ESPONJA CANADA | C110: 14 | D110: 80 | E110: =C110*D110 -> 1120 | F110: =E110/$F$106 -> 37.33
A111: 5 | B111: BALDE COM EXPREMEDOR DUPLO | C111: 26.4 | D111: 20 | E111: =C111*D111 -> 528 | F111: =E111/$F$106 -> 17.6
A112: 6 | B112: CABO COM HASTE | C112: 30.4 | D112: 20 | E112: =C112*D112 -> 608 | F112: =E112/$F$106 -> 20.27
A113: 7 | B113: CABELEIRA MOP | C113: 24 | D113: 20 | E113: =C113*D113 -> 480 | F113: =E113/$F$106 -> 16
A114: 8 | B114: CABO COM HASTE | C114: 48 | D114: 20 | E114: =C114*D114 -> 960 | F114: =E114/$F$106 -> 32
A115: 9 | B115: CABELEIRA MOP | C115: 24 | D115: 20 | E115: =C115*D115 -> 480 | F115: =E115/$F$106 -> 16
A116: 10 | B116: CARRO FUNCIONAL | C116: 1280 | D116: 5 | E116: =C116*D116 -> 6400 | F116: =E116/$F$106 -> 213.33
A117: 11 | B117: ESPANADOR | C117: 12 | D117: 25 | E117: =C117*D117 -> 300 | F117: =E117/$F$106 -> 10
A118: 12 | B118: PLACA DE SINALIZAÇÃO | C118: 44 | D118: 20 | E118: =C118*D118 -> 880 | F118: =E118/$F$106 -> 29.33
... A124: 18 | B124: EXTENÇÃO ELETRICA | C124: 200 | D124: 8 | E124: =C124*D124 -> 1600 | F124: =E124/$F$106 -> 53.33
F125: =SUM(F107:F124) -> 609.3
B127: MATERIAIS DE HIGIENE
B128: DESCRIÇÃO | C128: VALOR UNITÁRIO | D128: QTDE | E128: VALOR POSTO | F128: 1
A129: 1 | B129: PAPEL HIGIENICO 300M | C129: 67.84 | D129: 60 | E129: =C129*D129 -> 4070.4 | F129: =E129/$F$128 -> 4070.4
A130: 2 | B130: PAPEL HIGIENICO 30M | C130: 3.87 | D130: 1120 | E130: =C130*D130 -> 4334.4 | F130: =E130/$F$128 -> 4334.4
A131: 3 | B131: PAPEL HIGIENICO 60 M | C131: 4.8 | D131: 80 | E131: =C131*D131 -> 384 | F131: =E131/$F$128 -> 384
A132: 4 | B132: PAPEL TOALHA 1000 | C132: 8.96 | D132: 600 | E132: =C132*D132 -> 5376 | F132: =E132/$F$128 -> 5376
A133: 5 | B133: PAPEL TOALHAS BOBINA | C133: 56.96 | D133: 50 | E133: =C133*D133 -> 2848 | F133: =E133/$F$128 -> 2848
A134: 6 | B134: SABONETE LIQUIDO | C134: 11.52 | D134: 60 | E134: =C134*D134 -> 691.2 | F134: =E134/$F$128 -> 691.2
F135: =SUM(F129:F134) -> 17704
B137: EQUIPAMENTOS
B138: DESCRIÇÃO | C138: VALOR UNITÁRIO | D138: QTDE | E138: VALOR POSTO | F138: 30
A139: 1 | B139: ENCERADEIRA | C139: 1700 | D139: 22 | E139: =C139*D139 -> 37400 | F139: =E139/$F$138 -> 1246.67
A140: 2 | B140: LAVADORA DE ALTA PRESSÃO | C140: 700 | D140: 10 | E140: =C140*D140 -> 7000 | F140: =E140/$F$138 -> 233.33
A141: 3 | B141: ASPIRADOR | C141: 650 | D141: 4 | E141: =C141*D141 -> 2600 | F141: =E141/$F$138 -> 86.67
A142: 4 | B142: FURADEIRA C CONJUNTO DE BROCAS | C142: 900 | D142: 1 | E142: =C142*D142 -> 900 | F142: =E142/$F$138 -> 30
A143: 5 | B143: PARAFUSADEIRA COM CONJUNTO DE PONTAS | C143: 900 | D143: 1 | E143: =C143*D143 -> 900 | F143: =E143/$F$138 -> 30
A144: 6 | B144: JOGO DE CHAVES E FERRAMENTAS | C144: 639.36 | D144: 1 | E144: =C144*D144 -> 639.36 | F144: =E144/$F$138 -> 21.31
A145: 7 | B145: SECADOR DE MÃO | C145: 600 | D145: 10 | E145: =C145*D145 -> 6000 | F145: =E145/$F$138 -> 200
...
